Workbook
Name А1: #REF!
Name А1: #REF!
Name А1: #REF!
Name А1: #REF!
Name А1: #REF!
Name А1: #REF!
Name Выбор_1.1: 'Показатель 9.2'!$C$5:$C$6
Name Выбор_1.1: 'Показатель 9.3'!$C$5:$C$6
Name Выбор_1.1: 'Показатель 9.1'!$C$5:$C$6
Name Выбор_1.2: #REF!
Name Выбор_1.2: 'Показатель 8.1'!$C$5:$C$6
Name Выбор_1.2: 'Показатель 8.2'!$C$5:$C$6
Name Выбор_1.2: #REF!
Name Выбор_1.3: #REF!
Name Выбор_1.3: #REF!
Name Выбор_1.3: #REF!
Name Выбор_1.3: #REF!
Name Выбор_1.3: #REF!
Name Выбор_1.3: #REF!
Name Выбор_4.1: #REF!
Name Выбор_4.1: #REF!
Name Выбор_4.1: #REF!
Name Выбор_4.1: #REF!
Name Выбор_4.1: #REF!
Name Выбор_4.1: #REF!
Name Выбор_4.2: '[1]Показатель 4.2'!$C$5:$C$8
Name Выбор_4.3: '[1]Показатель 4.3'!$C$5:$C$7
Name Выбор_4.4: '[1]Показатель 4.4'!$C$6:$C$8
Name Выбор1.1: #REF!
Name Выбор1.1: #REF!
Name Выбор1.1: #REF!
Name Выбор1.1: #REF!
Name Выбор1.1: #REF!
Name Выбор1.1: #REF!
Name Да_нет: #REF!
Name Да_нет: #REF!
Name Да_нет: #REF!
Name Да_нет: #REF!
Name Да_нет: #REF!
Name Да_нет: #REF!
Name Коэфициент: [1]Параметры!$C$3:$C$4
Name Формат: Параметры!$C$3:$C$4

Sheet Оценка (Этап I - IV)
A1: Оценка муниципальных образований по I - IV этапам
A2: Календарный период | B2: 2017 год
A3: Наименование муниципального образования Саратовской обалсти | B3: Итого за 2017 год | C3: Итого по IV этапу | D3: Итого по III этапу | E3: Итого по II этапу | F3: Итого по I этапу
A4: Единица измерения | B4: баллов | C4: баллов | D4: баллов | E4: баллов | F4: баллов
A5: Максимальный балл | B5: =SUM(C5:F5) -> 40 | C5: 10 | D5: 10 | E5: 10 | F5: 10
A6: Городскте округа
A7: г. Саратов | B7: =SUM(C7:F7) -> 34 | C7: 10 | D7: 9 | E7: 8 | F7: 7
A8: ЗАТО Михайловское | B8: =SUM(C8:F8) -> 9.5 | C8: 3 | D8: 4 | E8: 0.5 | F8: 2
A9: ЗАТО Светлый | B9: =SUM(C9:F9) -> 20 | C9: 7 | D9: 7 | E9: 5 | F9: 1
A10: ЗАТО Шиханы | B10: =SUM(C10:F10) -> 14 | C10: 3 | D10: 2 | E10: 4 | F10: 5
A11: Муниципальные районы
A12: Александрово-Гайский | B12: =SUM(C12:F12) -> 9 | C12: 3 | D12: 2 | E12: 0 | F12: 4
A13: Аркадакский | B13: =SUM(C13:F13) -> 10.5 | C13: 3 | D13: 4 | E13: 0 | F13: 3.5
A14: Аткарский | B14: =SUM(C14:F14) -> 13.5 | C14: 2 | D14: 4.5 | E14: 4 | F14: 3
A15: Базарно-Карабулакский | B15: =SUM(C15:F15) -> 26.5 | C15: 8 | D15: 5 | E15: 8.5 | F15: 5
A16: Балаковский | B16: =SUM(C16:F16) -> 35.5 | C16: 10 | D16: 9 | E16: 9 | F16: 7.5
A17: Балашовский | B17: =SUM(C17:F17) -> 14.5 | C17: 4.5 | D17: 4 | E17: 3 | F17: 3
A18: Балтайский | B18: =SUM(C18:F18) -> 5.5 | C18: 3.5 | D18: 0 | E18: 0 | F18: 2
A19: Вольский | B19: =SUM(C19:F19) -> 10.5 | C19: 3 | D19: 2.5 | E19: 2 | F19: 3
A20: Воскресенский | B20: =SUM(C20:F20) -> 12 | C20: 3 | D20: 4.5 | E20: 2 | F20: 2.5
A21: Дергачевский | B21: =SUM(C21:F21) -> 24 | C21: 7 | D21: 7 | E21: 7 | F21: 3
A22: Духовницкий | B22: =SUM(C22:F22) -> 7 | C22: 2 | D22: 2 | E22: 0 | F22: 3
A23: Екатериновский | B23: =SUM(C23:F23) -> 14 | C23: 3 | D23: 5 | E23: 4 | F23: 2
... A49: Энгельсский | B49: =SUM(C49:F49) -> 24 | C49: 6 | D49: 5 | E49: 9 | F49: 4

Sheet Оценка (Этап IV)
A1: Оценка муниципальных образований по IV этапу «Составление проекта бюджета муниципального образования»
A2: Календарный период | B2: 2017 год
A3: Наименование муниципального образования Саратовской обалсти | B3: Итого по IV этапу | C3: ='Показатель 8.1'!A1 -> 8.1. Проект решения о бюджете муниципального образования | D3: ='Показатель 8.2'!A1 -> 8.2. Опубликование бюджета для граждан, разработанного на основе проекта решения о бюджете муниципального образования на очередной финансовый год (очередной финансовый год и плановый период), на портале (сайте) | E3: ='Показатель 9.1'!A1 -> 9.1. Информационное сообщение для граждан о проведении публичных слушаний по проекту решения о бюджете муниципального образования на очередной финансовый год (очередной финансовый год и плановый период) на портале (сайте) | F3: ='Показатель 9.2'!A1 -> 9.2. Проведение публичных слушаний по проекту решения о бюджете муниципального образования на очередной финансовый год (очередной финансовый год и плановый период) | G3: ='Показатель 9.3'!A1 -> 9.3. Возможность для граждан в электронном виде задать вопрос, направить отзыв и (или) предложение по бюджетной тематике
A4: Единица измерения | B4: баллов | C4: баллов | D4: баллов | E4: баллов | F4: баллов | G4: баллов
A5: Максимальный балл | B5: =SUM(C5:G5) -> 10 | C5: ='Методика IV этап'!C8 -> 4 | D5: ='Методика IV этап'!C13 -> 3 | E5: ='Методика IV этап'!C20 -> 1 | F5: ='Методика IV этап'!C24 -> 1 | G5: ='Методика IV этап'!C28 -> 1
A6: Городскте округа
A7: г. Саратов | B7: =SUM(C7:G7) -> 10 | C7: ='Показатель 8.1'!J9 -> 4 | D7: ='Показатель 8.2'!H10 -> 3 | E7: ='Показатель 9.1'!H8 -> 1 | F7: ='Показатель 9.2'!J8 -> 1 | G7: ='Показатель 9.3'!G8 -> 1
A8: ЗАТО Михайловское | B8: =SUM(C8:G8) -> 3 | C8: ='Показатель 8.1'!J10 -> 2 | D8: ='Показатель 8.2'!H11 -> 0 | E8: ='Показатель 9.1'!H9 -> 0 | F8: ='Показатель 9.2'!J9 -> 0 | G8: ='Показатель 9.3'!G9 -> 1
A9: ЗАТО Светлый | B9: =SUM(C9:G9) -> 7 | C9: ='Показатель 8.1'!J11 -> 4 | D9: ='Показатель 8.2'!H12 -> 0 | E9: ='Показатель 9.1'!H10 -> 1 | F9: ='Показатель 9.2'!J10 -> 1 | G9: ='Показатель 9.3'!G10 -> 1
A10: ЗАТО Шиханы | B10: =SUM(C10:G10) -> 3 | C10: ='Показатель 8.1'!J12 -> 2 | D10: ='Показатель 8.2'!H13 -> 0 | E10: ='Показатель 9.1'!H11 -> 0 | F10: ='Показатель 9.2'!J11 -> 0 | G10: ='Показатель 9.3'!G11 -> 1
A11: Муниципальные районы
A12: Александрово-Гайский | B12: =SUM(C12:G12) -> 3 | C12: ='Показатель 8.1'!J14 -> 2 | D12: ='Показатель 8.2'!H15 -> 0 | E12: ='Показатель 9.1'!H13 -> 0 | F12: ='Показатель 9.2'!J13 -> 0 | G12: ='Показатель 9.3'!G13 -> 1
A13: Аркадакский | B13: =SUM(C13:G13) -> 3 | C13: ='Показатель 8.1'!J15 -> 2 | D13: ='Показатель 8.2'!H16 -> 0 | E13: ='Показатель 9.1'!H14 -> 0 | F13: ='Показатель 9.2'!J14 -> 0 | G13: ='Показатель 9.3'!G14 -> 1
A14: Аткарский | B14: =SUM(C14:G14) -> 2 | C14: ='Показатель 8.1'!J16 -> 1 | D14: ='Показатель 8.2'!H17 -> 0 | E14: ='Показатель 9.1'!H15 -> 0 | F14: ='Показатель 9.2'!J15 -> 0 | G14: ='Показатель 9.3'!G15 -> 1
A15: Базарно-Карабулакский | B15: =SUM(C15:G15) -> 8 | C15: ='Показатель 8.1'!J17 -> 4 | D15: ='Показатель 8.2'!H18 -> 1 | E15: ='Показатель 9.1'!H16 -> 1 | F15: ='Показатель 9.2'!J16 -> 1 | G15: ='Показатель 9.3'!G16 -> 1
A16: Балаковский | B16: =SUM(C16:G16) -> 10 | C16: ='Показатель 8.1'!J18 -> 4 | D16: ='Показатель 8.2'!H19 -> 3 | E16: ='Показатель 9.1'!H17 -> 1 | F16: ='Показатель 9.2'!J17 -> 1 | G16: ='Показатель 9.3'!G17 -> 1
A17: Балашовский | B17: =SUM(C17:G17) -> 4.5 | C17: ='Показатель 8.1'!J19 -> 2 | D17: ='Показатель 8.2'!H20 -> 1 | E17: ='Показатель 9.1'!H18 -> 0.5 | F17: ='Показатель 9.2'!J18 -> 1 | G17: ='Показатель 9.3'!G18 -> 0
A18: Балтайский | B18: =SUM(C18:G18) -> 3.5 | C18: ='Показатель 8.1'!J20 -> 2 | D18: ='Показатель 8.2'!H21 -> 0.5 | E18: ='Показатель 9.1'!H19 -> 0 | F18: ='Показатель 9.2'!J19 -> 0 | G18: ='Показатель 9.3'!G19 -> 1
A19: Вольский | B19: =SUM(C19:G19) -> 3 | C19: ='Показатель 8.1'!J21 -> 2 | D19: ='Показатель 8.2'!H22 -> 0 | E19: ='Показатель 9.1'!H20 -> 0 | F19: ='Показатель 9.2'!J20 -> 0 | G19: ='Показатель 9.3'!G20 -> 1
A20: Воскресенский | B20: =SUM(C20:G20) -> 3 | C20: ='Показатель 8.1'!J22 -> 2 | D20: ='Показатель 8.2'!H23 -> 0 | E20: ='Показатель 9.1'!H21 -> 0 | F20: ='Показатель 9.2'!J21 -> 0 | G20: ='Показатель 9.3'!G21 -> 1
A21: Дергачевский | B21: =SUM(C21:G21) -> 7 | C21: ='Показатель 8.1'!J23 -> 4 | D21: ='Показатель 8.2'!H24 -> 1 | E21: ='Показатель 9.1'!H22 -> 0 | F21: ='Показатель 9.2'!J22 -> 1 | G21: ='Показатель 9.3'!G22 -> 1
A22: Духовницкий | B22: =SUM(C22:G22) -> 2 | C22: ='Показатель 8.1'!J24 -> 1 | D22: ='Показатель 8.2'!H25 -> 0 | E22: ='Показатель 9.1'!H23 -> 0 | F22: ='Показатель 9.2'!J23 -> 0 | G22: ='Показатель 9.3'!G23 -> 1
A23: Екатериновский | B23: =SUM(C23:G23) -> 3 | C23: ='Показатель 8.1'!J25 -> 2 | D23: ='Показатель 8.2'!H26 -> 0 | E23: ='Показатель 9.1'!H24 -> 0 | F23: ='Показатель 9.2'!J24 -> 0 | G23: ='Показатель 9.3'!G24 -> 1
... A49: Энгельсский | B49: =SUM(C49:G49) -> 6 | C49: ='Показатель 8.1'!J51 -> 4 | D49: ='Показатель 8.2'!H52 -> 0 | E49: ='Показатель 9.1'!H50 -> 0 | F49: ='Показатель 9.2'!J50 -> 1 | G49: ='Показатель 9.3'!G50 -> 1

Sheet Методика IV этап
A1: IV этап. Составление проекта бюджета муниципального образования
A3: № п/п | B3: Вопросы и варианты ответов | C3: Баллы
A5: 8. | B5: Проект бюджета муниципального образования | C5: =C8+C13 -> 7
A6: 8.1 | B6: Опубликование проекта решения о бюджете муниципального образования на очередной финансовый год (очередной финансовый год и плановый период) на портале (сайте)
B7: В целях оценки показателя учитывается публикация проекта решения о бюджете муниципального образования в полном объеме, включая текстовую часть и все приложения к нему. Публикация отдельных составляющих в целях оценки показателя не учитывается. Проект решения о бюджете муниципального образования и материалы к нему должны быть опубликованы в течение 10 рабочих дней после внесения проекта решения в представительный орган муниципального образования и сохраняться не менее трех лет. В случае нарушения указанного срока применяется понижающий коэффициент за несоблюдение сроков обеспечения доступа к бюджетным данным. В случае, если в установленный срок документ не размещен, оценка показателя принимает значение 0 баллов.
B8: Опубликован в структурированном виде, с указанием полных или кратких наименований всех составляющих | C8: 4
B9: Опубликован, но не в структурированном виде и (или) без указания полных или кратких наименований всех составляющих | C9: 2
B10: Не опубликован | C10: 0
A11: 8.2 | B11: Опубликование бюджета для граждан, разработанного на основе проекта решения о бюджете муниципального образования на очередной финансовый год (очередной финансовый год и плановый период), на портале (сайте)
B12: В целях оценки показателя учитывается публикация информации в виде брошюр (презентаций), либо в виде отдельных сведений, опубликованных на портале (сайте). В том числе, должна быть представлена следующая информация: 1) показатели прогноза социально-экономического развития, на основе которых сформирован проект бюджета на очередной финансовый год и плановый период (в том числе, показатели, характеризующие объемы производства, численность и состав населения и т.д.); 2) сведения о доходах бюджета муниципального образования в разрезе видов доходов; 3) сведения о расходах бюджета муниципального образования по разделам и подразделам классификации расходов бюджета; 4) сведения о расходах бюджета муниципального образования на реализацию муниципальных программ, а также о целевых показателях (индикаторах), планируемых к достижению в результате их реализации; 5) сведения о социально-значимых проектах, предусмотренных к финансированию за счет бюджета муниципального; 6) сведения о планируемых объемах муниципального долга; 7) контактная информация для обратной связи с гражданами могут использовать для дальнейшего обсуждения и участия в бюджетном процессе. По пунктам 1-6 информация должна быть представлена в динамике: фактические значения за отчетный год, оценку за текущий год и прогноз на очередной финансовый год и плановый период. Бюджет для граждан, разработанный на основе проекта решения о бюджете муниципального образования, должен быть опубликован не позднее даты внесения проекта решения о бюджете муниципального образования в представительный орган и сохраняться не менее трех лет. При нарушении указанного срока применяется понижающий коэффициент за несоблюдение сроков обеспечения доступа к бюджетным данным. В случае, если в установленный срок документ не размещен, оценка показателя принимает значение 0 баллов.
B13: Опубликован и содержит информацию по всем ключевым элементам | C13: 3
B14: Опубликован и содержит информацию по пяти и более ключевым элементам | C14: 2
B15: Опубликован и содержит информацию по трем и более ключевым элементам | C15: 1
B16: Не опубликован или содержит информацию менее чем по трем ключевым элементам | C16: 0
A17: 9. | B17: Общественное участие | C17: =C20+C24+C28 -> 3
A18: 9.1 | B18: Опубликование информационного сообщения для граждан о проведении публичных слушаний по проекту решения о бюджете муниципального образования на очередной финансовый год (очередной финансовый год и плановый период) на портале (сайте)
B19: В составе информационных сообщений о проведении публичных слушаний в обязательном порядке должны быть указаны дата, время, место и порядок их проведения и определения результата. Если указанные сведения представлены частично, оценка показателя принимает значение 0 баллов. В случае, если в установленный срок в информационном сообщении ссылка (адрес) на раздел (страницу) портала (сайта), где опубликованы указанные материалы, отсутствует, а также если по указанной ссылке (адресу) проект решения о бюджете муниципального образования на очередной финансовый год (очередной финансовый год и плановый период) не опубликован, оценка показателя принимает значение 0 баллов. Информационное сообщение о проведении публичных слушаний по проекту решения о бюджете должно быть опубликовано не позднее, чем за пять рабочих дней до дня проведения публичных слушаний и сохраняться до принятия решения об исполнении бюджета. При нарушении указанного срока применяется понижающий коэффициент за несоблюдение сроков обеспечения доступа к бюджетным данным. В случае, если информационное сообщение о проведении публичных слушаний опубликовано в день их проведения или позднее, оценка показателя принимает значение 0 баллов.
B20: Опубликовано и содержит информацию о том, где можно ознакомиться с проектом решения о бюджете муниципального образования на очередной финансовый год (очередной финансовый год и плановый период) | C20: 1
B21: Не опубликовано, или публичные слушания не проводились, или не отвечает требованиям | C21: 0
A22: 9.2 | B22: Проведение публичных слушаний по проекту решения о бюджете муниципального образования на очередной финансовый год (очередной финансовый год и плановый период) и опубликование в составе материалов к проекту решения о бюджете муниципального образования на очередной финансовый год (очередной финансовый год и плановый период) итогового документа (решения/ протокола), принятого по результатам публичных слушаний, на портале (сайте)
B23: В целях оценки показателя учитывается официальный документ (решение/протокол), принятый по итогам публичных слушаний или общественного обсуждения и подписанный уполномоченным должностным лицом. Указанный документ должен быть опубликован не позднее 10 рабочих дней после проведения публичных слушаний и сохраняться не менее трех лет. При нарушении указанного срока применяется понижающий коэффициент за несоблюдение сроков обеспечения доступа к бюджетным данным. В случае, если в установленный срок документ не размещен, оценка показателя принимает значение 0 баллов.
B24: Проводились, и в составе материалов к проекту решения об исполнении бюджета муниципального образования за отчетный финансовый год опубликован итоговый документ (решение/протокол), принятый по результатам публичных слушаний | C24: 1
B25: Публичные слушания не проводились, или не опубликован итоговый документ (решение/протокол), принятый по результатам публичных слушаний | C25: 0
A26: 9.3 | B26: Предоставление органами местного самоуправления муниципального образования возможности для граждан в электронном виде задать вопрос, направить отзыв и (или) предложение по бюджетной тематике
B27: В целях оценки показателя учитывается наличие на портале (сайте) возможности направить вопрос, отзыв и (или) предложение по бюджетной тематике в электронном виде - через контекстное меню (не прибегая к помощи почтовых агентов, дополнительных программ).
B28: Данная возможность предоставлена | C28: 1
B29: Данная возможность отсутствует | C29: 0
B30: Итого баллов на IV этапе | C30: =C5+C17 -> 10

Sheet Показатель 8.1
A1: 8.1. Проект решения о бюджете муниципального образования
A2: Комментарий:
A3: ='Методика IV этап'!B7 -> В целях оценки показателя учитывается публикация проекта решения о бюджете муниципального образования в полном объеме, включая текстовую часть и все приложения к нему. Публикация отдельных составляющих в целях оценки показателя не учитывается. Проект решения о бюджете муниципального образования и материалы к нему должны быть опубликованы в течение 10 рабочих дней после внесения проекта решения в представительный орган муниципального образования и сохраняться не менее трех лет. В случае нарушения указанного срока применяется понижающий коэффициент за несоблюдение сроков обеспечения доступа к бюджетным данным. В случае, если в установленный срок документ не размещен, оценка показателя принимает значение 0 баллов.
A4: № п/п | B4: Наименование муниципального образования Саратовской обалсти | C4: ='Методика IV этап'!B6 -> Опубликование проекта решения о бюджете муниципального образования на очередной финансовый год (очередной финансовый год и плановый период) на портале (сайте) | D4: Формат (указать формат документа) | E4: Доступность (указать, если возникли трудности с поиском документа, если переход осуществляется более, чем за 5 «кликов» с основной страницы портала (сайта), если название раздела не соответствует содержанию) | F4: Оценка показателя 8.1 | K4: Ссылка на источник данных | L4: Комментарии
B5: Варианты ответов | C5: ='Методика IV этап'!B8 -> Опубликован в структурированном виде, с указанием полных или кратких наименований всех составляющих | D5: Word, Excel, PDF | F5: баллы | G5: понижающие коэффициенты | J5: Итого
C6: ='Методика IV этап'!B9 -> Опубликован, но не в структурированном виде и (или) без указания полных или кратких наименований всех составляющих | G6: графический формат | H6: затруднен-ный поиск | I6: несоблюде-ние сроков
C7: ='Методика IV этап'!B10 -> Не опубликован
B8: Городскте округа
A9: 1 | B9: г. Саратов | C9: Опубликован в структурированном виде, с указанием полных или кратких наименований всех составляющих | D9: Word | F9: =IF(C9=$C$5,4,IF(C9=$C$6,2,0)) -> 4 | J9: =F9*(1-G9)*(1-H9)*(1-I9) -> 4 | K9: http://saratovmer.ru/budget/rubrics/4/1278.html
A10: 2 | B10: ЗАТО Михайловское | C10: Опубликован, но не в структурированном виде и (или) без указания полных или кратких наименований всех составляющих | D10: Word, Ехсеl | F10: =IF(C10=$C$5,4,IF(C10=$C$6,2,0)) -> 2 | J10: =F10*(1-H10)*(1-I10) -> 2 | K10: http://mihailovski.ru/administratsiya/finansy/byudzhet/2018-2020-god/proekt-byudzheta-zato-mikhaylovskiy-saratovskoy-ob/ | L10: Для структурированного вида необходимо, чтобы каждое приложение было отдельным файлом с кратким или полным наименованием.
A11: 3 | B11: ЗАТО Светлый | C11: Опубликован в структурированном виде, с указанием полных или кратких наименований всех составляющих | D11: Web, Word | F11: =IF(C11=$C$5,4,IF(C11=$C$6,2,0)) -> 4 | J11: =F11*(1-H11)*(1-I11) -> 4 | K11: http://www.zatosvetly.ru/city/economics_amp_finance/byudzhet-gorodskogo-okruga/byudzhet-gorodskogo-okruga-zato-svetlyy/2018-g/index.php?ELEMENT_ID=10556 | L11: Нет возможности скачать текстовую часть проекта.
A12: 4 | B12: ЗАТО Шиханы | C12: Опубликован, но не в структурированном виде и (или) без указания полных или кратких наименований всех составляющих | D12: Word, Ехсеl | F12: =IF(C12=$C$5,4,IF(C12=$C$6,2,0)) -> 2 | J12: =F12*(1-H12)*(1-I12) -> 2 | K12: http://zatoshihany.ru/budget/proekty-resheniy/2018/ | L12: В наименованиях приложений нужно указывается номер приложения, затем краткое название. Сами файлы приложений следует располагать по порядку: проект, потом все приложения.
B13: Муниципальные районы
A14: 5 | B14: Александрово-Гайский | C14: Опубликован, но не в структурированном виде и (или) без указания полных или кратких наименований всех составляющих | D14: Word | F14: =IF(C14=$C$5,4,IF(C14=$C$6,2,0)) -> 2 | J14: =F14*(1-H14)*(1-I14)*(1-G14) -> 2 | K14: http://algay.sarmo.ru/byudzhet-ekonomika-finansy/byudzhet2014.php
A15: 6 | B15: Аркадакский | C15: Опубликован в структурированном виде, с указанием полных или кратких наименований всех составляющих | D15: PDF | F15: =IF(C15=$C$5,4,IF(C15=$C$6,2,0)) -> 4 | G15: 0.5 | J15: =F15*(1-H15)*(1-I15)*(1-G15) -> 2 | K15: http://arkadak.sarmo.ru/byudzhet-munitsipalnogo-rayona/reshenie-o-byudzhete/byudzhet2018-proekt.php | L15: Не соблюден формат размещения текстовой части и приложений к решению.
A16: 7 | B16: Аткарский | C16: Опубликован, но не в структурированном виде и (или) без указания полных или кратких наименований всех составляющих | D16: Word | E16: Лишняя общая папка в архиве, 7 кликов до документа | F16: =IF(C16=$C$5,4,IF(C16=$C$6,2,0)) -> 2 | H16: 0.5 | J16: =F16*(1-H16)*(1-I16)*(1-G16) -> 1 | K16: http://proatkarsk.ru/CityArticles.aspx?articleid=6288 | L16: Не указаны краткие или полные наименования приложений.
A17: 8 | B17: Базарно-Карабулакский | C17: Опубликован в структурированном виде, с указанием полных или кратких наименований всех составляющих | D17: Web, Word | F17: =IF(C17=$C$5,4,IF(C17=$C$6,2,0)) -> 4 | J17: =F17*(1-H17)*(1-I17)*(1-G17) -> 4 | K17: http://bkarabulak.sarmo.ru/index.php?option=com_content&view=article&id=7498:-l-2018-2019-2020-r&catid=43:%D0%9D%D0%BE%D0%B2%D0%BE%D1%81%D1%82%D0%B8%20%D0%BC%D1%83%D0%BD%D0%B8%D1%86%D0%B8%D0%BF%D0%B0%D0%BB%D1%8C%D0%BD%D0%BE%D0%B3%D0%BE%20%D1%80%D0%B0%D0%B9%D0%BE%D0%BD%D0%B0&Itemid=169
A18: 9 | B18: Балаковский | C18: Опубликован в структурированном виде, с указанием полных или кратких наименований всех составляющих | D18: Word | F18: =IF(C18=$C$5,4,IF(C18=$C$6,2,0)) -> 4 | J18: =F18*(1-H18)*(1-I18)*(1-G18) -> 4 | K18: http://www.admbal.ru/page/proekt-raionnogo-byudzheta-balakovskogo-munitsipalnogo-raiona-na-2018-god
A19: 10 | B19: Балашовский | C19: Опубликован, но не в структурированном виде и (или) без указания полных или кратких наименований всех составляющих | D19: Word | F19: =IF(C19=$C$5,4,IF(C19=$C$6,2,0)) -> 2 | J19: =F19*(1-H19)*(1-I19)*(1-G19) -> 2 | K19: http://baladmin.ru/byudzhet-na-2018-god-i-planovyy-period-2019-i-2020-godov.php
A20: 11 | B20: Балтайский | C20: Опубликован, но не в структурированном виде и (или) без указания полных или кратких наименований всех составляющих | D20: Web, Word | F20: =IF(C20=$C$5,4,IF(C20=$C$6,2,0)) -> 2 | J20: =F20*(1-H20)*(1-I20)*(1-G20) -> 2 | K20: http://adm-baltay.ru/finansovoe-upravlenie/proekt-byudzheta-na-2018-god/proekt-mestnogo-byudzheta-baltayskogo-munitsipalnogo-rayona-na-2018-god-i-planovyiy-period-2019-i-2020-godov/
A21: 12 | B21: Вольский | C21: Опубликован, но не в структурированном виде и (или) без указания полных или кратких наименований всех составляющих | D21: Word | F21: =IF(C21=$C$5,4,IF(C21=$C$6,2,0)) -> 2 | J21: =F21*(1-H21)*(1-I21)*(1-G21) -> 2 | K21: http://volsk-ms.ru/resheniya-vms/proektyi/
A22: 13 | B22: Воскресенский | C22: Опубликован, но не в структурированном виде и (или) без указания полных или кратких наименований всех составляющих | D22: Word | F22: =IF(C22=$C$5,4,IF(C22=$C$6,2,0)) -> 2 | J22: =F22*(1-H22)*(1-I22)*(1-G22) -> 2 | K22: http://voskresensk64.ru/administration/statistics/benefits/budjet-vmr/
A23: 14 | B23: Дергачевский | C23: Опубликован в структурированном виде, с указанием полных или кратких наименований всех составляющих | D23: Word, Ехсеl | F23: =IF(C23=$C$5,4,IF(C23=$C$6,2,0)) -> 4 | J23: =F23*(1-H23)*(1-I23)*(1-G23) -> 4 | K23: http://dergachi.sarmo.ru/sobranie-dergachevskogo-munitsipalnogo-rayona/proekty-sobraniya-dergachevskogo-munitsipalnogo-rayona/
A24: 15 | B24: Духовницкий | C24: Опубликован, но не в структурированном виде и (или) без указания полных или кратких наименований всех составляющих | D24: Word | F24: =IF(C24=$C$5,4,IF(C24=$C$6,2,0)) -> 2 | H24: 0.5 | J24: =F24*(1-H24)*(1-I24)*(1-G24) -> 1 | K24: http://duhovnitskoe.sarmo.ru/predstavitelnyy-organ/npa/mpa-2017/?ELEMENT_ID=1252 | L24: Оцениваемая ссылка не была предоставлена. Поиск среди все принятых решений по каждому заседанию затруднен.
A25: 16 | B25: Екатериновский | C25: Опубликован, но не в структурированном виде и (или) без указания полных или кратких наименований всех составляющих | D25: Word | F25: =IF(C25=$C$5,4,IF(C25=$C$6,2,0)) -> 2 | J25: =F25*(1-H25)*(1-I25)*(1-G25) -> 2 | K25: http://ekaterinovka.sarmo.ru/rayonnoe-sobranie/2017-god.php
A26: 17 | B26: Ершовский | C26: Опубликован в структурированном виде, с указанием полных или кратких наименований всех составляющих | D26: Word | F26: =IF(C26=$C$5,4,IF(C26=$C$6,2,0)) -> 4 | J26: =F26*(1-H26)*(1-I26)*(1-G26) -> 4 | K26: http://ershov.sarmo.ru/byudzhet-i-finansy/byudzhet/proekt-byudzheta-na-2018-2020-god/
A27: 18 | B27: Ивантеевский | C27: Опубликован в структурированном виде, с указанием полных или кратких наименований всех составляющих | D27: Web, Word | F27: =IF(C27=$C$5,4,IF(C27=$C$6,2,0)) -> 4 | J27: =F27*(1-H27)*(1-I27)*(1-G27) -> 4 | K27: http://ivanteevka.sarmo.ru/byudzhet-dlya-grazhdan/proekt-byudzheta-dlya-grazhdan/proekt-resheniya-byudzheta-na-2018-god/ | L27: Нет возможности скачать текстовую часть проекта.
A28: 19 | B28: Калининский | C28: Опубликован, но не в структурированном виде и (или) без указания полных или кратких наименований всех составляющих | D28: Word | F28: =IF(C28=$C$5,4,IF(C28=$C$6,2,0)) -> 2 | J28: =F28*(1-H28)*(1-I28)*(1-G28) -> 2 | K28: http://kalininsk.sarmo.ru/predstavitelnyy-organ-munitsipalnogo-rayona/dokumenty-normativnye-akty/
A29: 20 | B29: Красноармейский | C29: Опубликован, но не в структурированном виде и (или) без указания полных или кратких наименований всех составляющих | D29: Word, Ехсеl | E29: Лишняя общая папка в архиве, 6 кликов до документа | F29: =IF(C29=$C$5,4,IF(C29=$C$6,2,0)) -> 2 | H29: 0.5 | J29: =F29*(1-H29)*(1-I29)*(1-G29) -> 1 | K29: http://krasnoarmeysk.sarmo.ru/krasnoarmeyskiy-rayon/byudzhet/reshenie-o-byudzhete-krasnoarmeyskogo-munitsipalnogo-rayona/ | L29: Приложения указаны без наименований.
A30: 21 | B30: Краснокутский | C30: Опубликован в структурированном виде, с указанием полных или кратких наименований всех составляющих | D30: Word, Ехсеl | E30: Лишняя общая папка в архиве, 6 кликов до документа | F30: =IF(C30=$C$5,4,IF(C30=$C$6,2,0)) -> 4 | H30: 0.5 | J30: =F30*(1-H30)*(1-I30)*(1-G30) -> 2 | K30: http://krasny-kut.ru/krasnokutskij_rajon/finansy/novosti/
A31: 22 | B31: Краснопартизанский | C31: Опубликован в структурированном виде, с указанием полных или кратких наименований всех составляющих | D31: Word, Ехсеl | F31: =IF(C31=$C$5,4,IF(C31=$C$6,2,0)) -> 4 | J31: =F31*(1-H31)*(1-I31)*(1-G31) -> 4 | K31: http://gornyi.sarmo.ru/index.php?option=com_content&view=article&id=3421:-2018-2020&catid=34:%D0%9E%D1%81%D0%BD%D0%BE%D0%B2%D0%BD%D0%B0%D1%8F%20%D0%BA%D0%B0%D1%82%D0%B5%D0%B3%D0%BE%D1%80%D0%B8%D1%8F
A32: 23 | B32: Лысогорский | C32: Опубликован, но не в структурированном виде и (или) без указания полных или кратких наименований всех составляющих | D32: Word | E32: 6 кликов до документа | F32: =IF(C32=$C$5,4,IF(C32=$C$6,2,0)) -> 2 | H32: 0.5 | J32: =F32*(1-H32)*(1-I32)*(1-G32) -> 1 | K32: http://adm.lysyegory.ru/base/3848-proekt-byudzheta-lysogorskogo-municipalnogo-raiona-na-2018-god-i-na-planovyi-period-2019-i-2020.html
A33: 24 | B33: Марксовский | C33: Опубликован, но не в структурированном виде и (или) без указания полных или кратких наименований всех составляющих | D33: Word, Ехсеl | F33: =IF(C33=$C$5,4,IF(C33=$C$6,2,0)) -> 2 | J33: =F33*(1-H33)*(1-I33)*(1-G33) -> 2 | K33: http://marksadm.ru/pr-but.html | L33: Приложения 9-11 в одном файле и без кратких или полных наименований файла в архиве.
A34: 25 | B34: Новобурасский | C34: Опубликован в структурированном виде, с указанием полных или кратких наименований всех составляющих | D34: Word, Ехсеl | F34: =IF(C34=$C$5,4,IF(C34=$C$6,2,0)) -> 4 | J34: =F34*(1-H34)*(1-I34)*(1-G34) -> 4 | K34: http://www.nbfin.ru/resheniya_o_byudzhetah/novoburasskogo_municipal_nogo_rajona/proekt_resheniya_o_byudzhete/na_2018_god/
A35: 26 | B35: Новоузенский | C35: Опубликован, но не в структурированном виде и (или) без указания полных или кратких наименований всех составляющих | D35: Word | E35: 7 кликов до документа, лишняя папка в архиве | F35: =IF(C35=$C$5,4,IF(C35=$C$6,2,0)) -> 2 | H35: 0.5 | J35: =F35*(1-H35)*(1-I35)*(1-G35) -> 1 | K35: http://www.novouzensk.ru/sobranie/sobr/akty/?ELEMENT_ID=7541
A36: 27 | B36: Озинский | C36: Опубликован в структурированном виде, с указанием полных или кратких наименований всех составляющих | D36: Word, Ехсеl | F36: =IF(C36=$C$5,4,IF(C36=$C$6,2,0)) -> 4 | J36: =F36*(1-H36)*(1-I36)*(1-G36) -> 4 | K36: http://ozinki.sarmo.ru/byudzhet/byudzhet-munitsipalnogo-rayona.php?ELEMENT_ID=1925
A37: 28 | B37: Перелюбский | C37: Опубликован, но не в структурированном виде и (или) без указания полных или кратких наименований всех составляющих | D37: Word, Ехсеl | F37: =IF(C37=$C$5,4,IF(C37=$C$6,2,0)) -> 2 | J37: =F37*(1-H37)*(1-I37)*(1-G37) -> 2 | K37: http://perelyub.sarmo.ru/index.php?option=com_content&view=article&id=1194:2017-11-27-10-39-54&catid=72:2016-03-22-13-50-08&Itemid=244 | L37: Приложения размещены без кратких или полных наименований.
A38: 29 | B38: Петровский | C38: Опубликован в структурированном виде, с указанием полных или кратких наименований всех составляющих | D38: Web, Word | F38: =IF(C38=$C$5,4,IF(C38=$C$6,2,0)) -> 4 | J38: =F38*(1-H38)*(1-I38)*(1-G38) -> 4 | K38: https://petrovsk64.ru/sub-org/fin-upr/otkrytyy-byudzhet/byudzhet/proekt-resheniya-o-byudzhete/na-2018-god/
A39: 30 | B39: Питерский | C39: Опубликован в структурированном виде, с указанием полных или кратких наименований всех составляющих | D39: Word | F39: =IF(C39=$C$5,4,IF(C39=$C$6,2,0)) -> 4 | J39: =F39*(1-H39)*(1-I39)*(1-G39) -> 4 | K39: http://piterka.sarmo.ru/byudzhet-piterskogo-mr/byudzhet-piterskogo2017-mr.php
A40: 31 | B40: Пугачевский | C40: Опубликован, но не в структурированном виде и (или) без указания полных или кратких наименований всех составляющих | D40: Word | F40: =IF(C40=$C$5,4,IF(C40=$C$6,2,0)) -> 2 | J40: =F40*(1-H40)*(1-I40)*(1-G40) -> 2 | K40: http://pugachev-adm.ru/sobranie-pmr/npa-sobraniya/proektyi-npa-sobraniya-pmr | L40: Оцениваемая ссылка не была предоставлена.
A41: 32 | B41: Ровенский | C41: Опубликован в структурированном виде, с указанием полных или кратких наименований всех составляющих | D41: Word, Ехсеl | F41: =IF(C41=$C$5,4,IF(C41=$C$6,2,0)) -> 4 | J41: =F41*(1-H41)*(1-I41)*(1-G41) -> 4 | K41: http://rovnoe.sarmo.ru/novaya-papka/byudzhet-2018-god/
A42: 33 | B42: Романовский | C42: Опубликован в структурированном виде, с указанием полных или кратких наименований всех составляющих | D42: Word | F42: =IF(C42=$C$5,4,IF(C42=$C$6,2,0)) -> 4 | J42: =F42*(1-H42)*(1-I42)*(1-G42) -> 4 | K42: http://romanovka.sarmo.ru/byudzhet-dlya-grazhdan/byudzhet-romanovskogo-munitsipalnogo-rayona/kharakteristika-utverzhdennogo-byudzheta/
A43: 34 | B43: Ртищевский | C43: Не опубликован | D43: Word | F43: =IF(C43=$C$5,4,IF(C43=$C$6,2,0)) -> 0 | J43: =F43*(1-H43)*(1-I43)*(1-G43) -> 0 | K43: http://rtishevo.sarmo.ru/finansovyy-organ/rtishchevskiy-munitsipalnyy-rayon/2018-god/reshenie-o-proekte-byudzheta-munitsipalnogo-rayona/ | L43: Дата последнего изменения в файле - 25.12.2017, а бюджет принят решением от 22.12.2017 года № 25-163. Актуальность публикации проекта решения потеряна.
A44: 35 | B44: Самойловский | C44: Опубликован, но не в структурированном виде и (или) без указания полных или кратких наименований всех составляющих | D44: Word | F44: =IF(C44=$C$5,4,IF(C44=$C$6,2,0)) -> 2 | J44: =F44*(1-H44)*(1-I44)*(1-G44) -> 2 | K44: http://sam64.ru/index.php?option=com_content&view=article&id=172&Itemid=155
A45: 36 | B45: Саратовский | C45: Опубликован, но не в структурированном виде и (или) без указания полных или кратких наименований всех составляющих | D45: Word, Ехсеl | F45: =IF(C45=$C$5,4,IF(C45=$C$6,2,0)) -> 2 | J45: =F45*(1-H45)*(1-I45)*(1-G45) -> 2 | K45: http://saratov.sarmo.ru/index.php?option=com_content&view=article&id=5087&Itemid=514 | L45: Ссылка на страницу не была предоставлена. Для структурированного вида необходимо, чтобы каждое приложение было отдельным файлом с кратким или полным наименованием.
A46: 37 | B46: Советский | C46: Опубликован в структурированном виде, с указанием полных или кратких наименований всех составляющих | D46: Word, Ехсеl | F46: =IF(C46=$C$5,4,IF(C46=$C$6,2,0)) -> 4 | J46: =F46*(1-H46)*(1-I46)*(1-G46) -> 4 | K46: http://stepnoeadm.ru/%d0%b1%d1%8e%d0%b4%d0%b6%d0%b5%d1%82/%d0%bc%d0%b5%d1%81%d1%82%d0%bd%d1%8b%d0%b9-%d0%b1%d1%8e%d0%b4%d0%b6%d0%b5%d1%82/
A47: 38 | B47: Татищевский | C47: Опубликован в структурированном виде, с указанием полных или кратких наименований всех составляющих | D47: Web, Word | F47: =IF(C47=$C$5,4,IF(C47=$C$6,2,0)) -> 4 | J47: =F47*(1-H47)*(1-I47)*(1-G47) -> 4 | K47: http://tatishevo.saratov.gov.ru/index.php?option=com_content&view=article&id=4153:--l---------2018------2019-2020-r&catid=46:2009-12-20-17-15-45&Itemid=81 | L47: Для скачивания всего документа желательно прикреплять архив со структурированным проектом решения. То есть чтобы все приложения были отдельными файлами с указанием полных или кратких наименований.
A48: 39 | B48: Турковский | C48: Опубликован, но не в структурированном виде и (или) без указания полных или кратких наименований всех составляющих | D48: Word | E48: Лишняя общая папка в архиве, 6 кликов до документа | F48: =IF(C48=$C$5,4,IF(C48=$C$6,2,0)) -> 2 | H48: 0.5 | J48: =F48*(1-H48)*(1-I48)*(1-G48) -> 1 | K48: http://turki.sarmo.ru/sobranie-deputatov-turkovskogo-munitsipalnogo-rayona/dokumenty/publichnye-slushaniya/ | L48: Отсутствует краткое или полное наименование у файлов приложений. Обратите внимание, что под наименованием « Проект бюджета Турковского муниципального района на 2018 год и на плановый период 2019-2020 годов» должен быть прикреплен архив только с проектом в структурированном виде, все остальное - это материалы к проекту. Раздел не структурирован по годам.
A49: 40 | B49: Федоровский | C49: Опубликован в структурированном виде, с указанием полных или кратких наименований всех составляющих | D49: Word, Ехсеl | F49: =IF(C49=$C$5,4,IF(C49=$C$6,2,0)) -> 4 | J49: =F49*(1-H49)*(1-I49)*(1-G49) -> 4 | K49: http://mokrous.fedrayon.ru/index.php?option=com_content&view=article&id=1441&Itemid=346
A50: 41 | B50: Хвалынский | C50: Не опубликован | F50: =IF(C50=$C$5,4,IF(C50=$C$6,2,0)) -> 0 | J50: =F50*(1-H50)*(1-I50)*(1-G50) -> 0 | K50: http://hvalynsk.sarmo.ru/administratsiya-khvalynskogo-munitsipalnogo-rayona/byudzhet/byudzhet-2018/ | L50: По предоставленной ссылке проект решения о бюджете муниципального образования на очередной финансовый год не обнаружен (только принятое решение о бюджете).
A51: 42 | B51: Энгельсский | C51: Опубликован в структурированном виде, с указанием полных или кратких наименований всех составляющих | D51: Word, Ехсеl | F51: =IF(C51=$C$5,4,IF(C51=$C$6,2,0)) -> 4 | J51: =F51*(1-H51)*(1-I51)*(1-G51) -> 4 | K51: http://www.engels-city.ru/publichnye-slushaniya/45218-proekt-resheniya-o-byudzhete-2018-2019-2020

Sheet Показатель 8.2
A1: 8.2. Опубликование бюджета для граждан, разработанного на основе проекта решения о бюджете муниципального образования на очередной финансовый год (очередной финансовый год и плановый период), на портале (сайте)
A2: Комментарий:
A3: ='Методика IV этап'!B12 -> В целях оценки показателя учитывается публикация информации в виде брошюр (презентаций), либо в виде отдельных сведений, опубликованных на портале (сайте). В том числе, должна быть представлена следующая информация: 1) показатели прогноза социально-экономического развития, на основе которых сформирован проект бюджета на очередной финансовый год и плановый период (в том числе, показатели, характеризующие объемы производства, численность и состав населения и т.д.); 2) сведения о доходах бюджета муниципального образования в разрезе видов доходов; 3) сведения о расходах бюджета муниципального образования по разделам и подразделам классификации расходов бюджета; 4) сведения о расходах бюджета муниципального образования на реализацию муниципальных программ, а также о целевых показателях (индикаторах), планируемых к достижению в результате их реализации; 5) сведения о социально-значимых проектах, предусмотренных к финансированию за счет бюджета муниципального; 6) сведения о планируемых объемах муниципального долга; 7) контактная информация для обратной связи с гражданами могут использовать для дальнейшего обсуждения и участия в бюджетном процессе. По пунктам 1-6 информация должна быть представлена в динамике: фактические значения за отчетный год, оценку за текущий год и прогноз на очередной финансовый год и плановый период. Бюджет для граждан, разработанный на основе проекта решения о бюджете муниципального образования, должен быть опубликован не позднее даты внесения проекта решения о бюджете муниципального образования в представительный орган и сохраняться не менее трех лет. При нарушении указанного срока применяется понижающий коэффициент за несоблюдение сроков обеспечения доступа к бюджетным данным. В случае, если в установленный срок документ не размещен, оценка показателя принимает значение 0 баллов.
A4: № п/п | B4: Наименование муниципального образования Саратовской обалсти | C4: ='Методика IV этап'!B11 -> Опубликование бюджета для граждан, разработанного на основе проекта решения о бюджете муниципального образования на очередной финансовый год (очередной финансовый год и плановый период), на портале (сайте) | D4: Доступность (указать, если возникли трудности с поиском документа, если переход осуществляется более, чем за 5 «кликов» с основной страницы портала (сайта), если название раздела не соответствует содержанию) | E4: Оценка показателя 8.2 | I4: Ссылка на источник данных | J4: Комментарии
B5: Варианты ответов | C5: ='Методика IV этап'!B13 -> Опубликован и содержит информацию по всем ключевым элементам | E5: баллы | F5: понижающие коэффициенты | H5: Итого
C6: ='Методика IV этап'!B14 -> Опубликован и содержит информацию по пяти и более ключевым элементам | F6: затруднен-ный поиск | G6: несоблюде-ние сроков
C7: ='Методика IV этап'!B15 -> Опубликован и содержит информацию по трем и более ключевым элементам
C8: ='Методика IV этап'!B16 -> Не опубликован или содержит информацию менее чем по трем ключевым элементам
B9: Городскте округа
A10: 1 | B10: г. Саратов | C10: Опубликован и содержит информацию по всем ключевым элементам | E10: =IF(C10=$C$5,3,(IF(C10=$C$6,2,(IF(C10=$C$7,1,0))))) -> 3 | H10: =E10*(1-F10)*(1-G10) -> 3 | I10: http://saratovmer.ru/budget/rubrics/6/1280.html
A11: 2 | B11: ЗАТО Михайловское | C11: Не опубликован или содержит информацию менее чем по трем ключевым элементам | D11: Лишняя архивация одного файла | E11: =IF(C11=$C$5,3,(IF(C11=$C$6,2,(IF(C11=$C$7,1,0))))) -> 0 | H11: =E11*(1-F11)*(1-G11) -> 0 | I11: http://mihailovski.ru/administratsiya/finansy/byudzhet/2018-2020-god/byudzhet-dlya-grazhdan-/ | J11: Отсутствуют пункт 5, пункт 1 не соответствует (отсутствуют показатели, характеризующие объемы производства и состав населения), пункт 2 не соответствует (сведения в разрезе видов доходов представлены не в динамике, нет на 2019-2020 годы), пункт 3 не соответствует ( не в динамике,нет за 2016-2017 годы), пункт 4 не соответствует (не в динамике, нет данных по 2016 году,нет привязки финансирования к показателям по каждой программе).
A12: 3 | B12: ЗАТО Светлый | C12: Не опубликован или содержит информацию менее чем по трем ключевым элементам | E12: =IF(C12=$C$5,3,(IF(C12=$C$6,2,(IF(C12=$C$7,1,0))))) -> 0 | H12: =E12*(1-F12)*(1-G12) -> 0 | I12: http://www.zatosvetly.ru/city/economics_amp_finance/byudzhet-gorodskogo-okruga/byudzhet-dlya-grazhdan/ | J12: Дата последнего изменения в брошюре - 10.01.2018, а бюджет принят решением от 19.12.2017 года № 25-102. Актуальность брошюры потеряна, поскольку даже после принятия решения о бюджете прошел практически целый месяц!
A13: 4 | B13: ЗАТО Шиханы | C13: Не опубликован или содержит информацию менее чем по трем ключевым элементам | E13: =IF(C13=$C$5,3,(IF(C13=$C$6,2,(IF(C13=$C$7,1,0))))) -> 0 | H13: =E13*(1-F13)*(1-G13) -> 0 | I13: http://zatoshihany.ru/budget/byudzhet-dlya-grazhdan/ | J13: Брошюра подготовлена не по проекту решения о бюджете на очередной финансовый год, а по принятому решению! (будет оцениваться в I этапе п. 1.2.) Дата последнего изменения в брошюре - 26.12.2017, а бюджет принят решением от 18.12.2017 года № 5-26-3.
B14: Муниципальные районы
A15: 5 | B15: Александрово-Гайский | C15: Не опубликован или содержит информацию менее чем по трем ключевым элементам | E15: =IF(C15=$C$5,3,(IF(C15=$C$6,2,(IF(C15=$C$7,1,0))))) -> 0 | H15: =E15*(1-F15)*(1-G15) -> 0 | I15: http://algay.sarmo.ru/byudzhet-ekonomika-finansy/byudzhet-dlya-grazhdan.php | J15: Брошюра подготовлена не по проекту решения о бюджете на очередной финансовый год, а по принятому решению! (будет оцениваться в I этапе п. 1.2.) Дата последнего изменения в брошюре - 27.12.2017, а бюджет принят решением от 25.12.2017 года № 93.
A16: 6 | B16: Аркадакский | C16: Не опубликован или содержит информацию менее чем по трем ключевым элементам | E16: =IF(C16=$C$5,3,(IF(C16=$C$6,2,(IF(C16=$C$7,1,0))))) -> 0 | H16: =E16*(1-F16)*(1-G16) -> 0 | I16: http://arkadak.sarmo.ru/byudzhet-munitsipalnogo-rayona/byudzhet-dlya-grazhdan.php | J16: Отсутствуют пункты 5,6, пункт 1 не соответствует (отсутствуют показатели, характеризующие состав населения), пункт 2 не соответствует (сведения не в разрезе видов доходов), пункт 3 не соответствует (сведения не в разрезе подразделов), пункт 4 не соответствует (не в динамике и нет привязки финансирования к показателям по каждой программе). Бюджет для граждан, разработанный на основе проекта решения о бюджете муниципального образования, должен быть опубликован не позднее даты внесения проекта решения о бюджете муниципального образования в представительный орган (дата последнего изменения в брошюре - 18.12.2017, а решением от 22.12.2017 года № 6-26 был принят бюджет ).
A17: 7 | B17: Аткарский | C17: Не опубликован или содержит информацию менее чем по трем ключевым элементам | E17: =IF(C17=$C$5,3,(IF(C17=$C$6,2,(IF(C17=$C$7,1,0))))) -> 0 | H17: =E17*(1-F17)*(1-G17) -> 0 | I17: http://proatkarsk.ru/CityArticles.aspx?articleid=6466 | J17: Отсутствуют пункты 5, пункт 1 не соответствует (нет данных по исполнению 2016 года, отсутствуют показатели, характеризующие численность и состав населения), пункт 3 не соответствует (нет данных по исполнению 2016 года и деления расходов на подразделы), пункт 4 не соответствует (не в динамике и нет привязки финансирования к показателям по каждой программе), пункт 6 не соответствует (отсутствует прогноз на 2020 год),
A18: 8 | B18: Базарно-Карабулакский | C18: Опубликован и содержит информацию по трем и более ключевым элементам | E18: =IF(C18=$C$5,3,(IF(C18=$C$6,2,(IF(C18=$C$7,1,0))))) -> 1 | H18: =E18*(1-F18)*(1-G18) -> 1 | I18: http://bkarabulak.sarmo.ru/index.php?option=com_content&view=article&id=3965&Itemid=312 | J18: Пункт 1 не соответствует (отсутствуют показатели, характеризующие состав населения, не отражена динамика 2016 и 2017 годов), пункт 3 не соответствует (сведения не в разрезе подразделов), пункт 4 не соответствует (нет привязки финансирования к показателям по каждой программе)
A19: 9 | B19: Балаковский | C19: Опубликован и содержит информацию по всем ключевым элементам | E19: =IF(C19=$C$5,3,(IF(C19=$C$6,2,(IF(C19=$C$7,1,0))))) -> 3 | H19: =E19*(1-F19)*(1-G19) -> 3 | I19: http://www.admbal.ru/page/byudzhet-dlya-grazhdan-balakovskogo-munitsipalnogo-raiona-na-2018-god-proekt-0 | J19: Предусмотрите возможность скачать сведения архивом, не по одной картинке.
A20: 10 | B20: Балашовский | C20: Опубликован и содержит информацию по трем и более ключевым элементам | E20: =IF(C20=$C$5,3,(IF(C20=$C$6,2,(IF(C20=$C$7,1,0))))) -> 1 | H20: =E20*(1-F20)*(1-G20) -> 1 | I20: http://baladmin.ru/byudzhet-na-2018-god-i-planovyy-period-2019-i-2020-godov.php | J20: Отсутствует пункт 5, пункт 1 не соответствует (отсутствуют показатели, характеризующие состав населения), пункт 3 не соответствует (сведения не в разрезе подразделов), пункт 4 не соответствует (не в динамике, не по всем муниц.программам указаны конкретные числовые показатели).
A21: 11 | B21: Балтайский | C21: Опубликован и содержит информацию по трем и более ключевым элементам | E21: =IF(C21=$C$5,3,(IF(C21=$C$6,2,(IF(C21=$C$7,1,0))))) -> 1 | G21: 0.5 | H21: =E21*(1-F21)*(1-G21) -> 0.5 | I21: http://adm-baltay.ru/finansovoe-upravlenie/proekt-byudzheta-na-2018-god/ | J21: Отсутствует пункт 5, пункт 1 не соответствует (отсутствуют показатели, характеризующие обшую численность и состав населения), пункт 3 не соответствует (сведения не в разрезе подразделов), пункт 4 не соответствует ( нет привязки финансирования к показателям по каждой программе). Бюджет для граждан, разработанный на основе проекта решения о бюджете муниципального образования, должен быть опубликован не позднее даты внесения проекта решения о бюджете муниципального образования в представительный орган (дата последнего изменения в брошюре - 04.12.2017, а решением от 04.12.2017 года № 206 был принят бюджет )
A22: 12 | B22: Вольский | C22: Не опубликован или содержит информацию менее чем по трем ключевым элементам | E22: =IF(C22=$C$5,3,(IF(C22=$C$6,2,(IF(C22=$C$7,1,0))))) -> 0 | H22: =E22*(1-F22)*(1-G22) -> 0 | J22: На сайте информация не опубликована.
A23: 13 | B23: Воскресенский | C23: Не опубликован или содержит информацию менее чем по трем ключевым элементам | E23: =IF(C23=$C$5,3,(IF(C23=$C$6,2,(IF(C23=$C$7,1,0))))) -> 0 | H23: =E23*(1-F23)*(1-G23) -> 0 | I23: http://voskresensk64.ru/administration/statistics/Budget%20for%20citizens/ | J23: Отсутствует пункт 5, пункт 1 не соответствует (отсутствуют показатели, характеризующие объемы производства и состав населения),пункт 3 не соответствует (сведения не в разрезе подразделов), пункт 4 не соответствует (не в динамике, нет привязки финансирования к показателям по каждой программе), пункт 6 не соответствует (не в динамике).
A24: 14 | B24: Дергачевский | C24: Опубликован и содержит информацию по трем и более ключевым элементам | E24: =IF(C24=$C$5,3,(IF(C24=$C$6,2,(IF(C24=$C$7,1,0))))) -> 1 | H24: =E24*(1-F24)*(1-G24) -> 1 | I24: http://dergachi.sarmo.ru/byudzhet-dlya-grazhdan/ | J24: Пункт 1 не соответствует (показатели, характеризующие численность и состав населения не в динамике), пункт 2 не соответствует ( отсутствует разбивка по видам налоговых и неналоговых доходов района в динамике), пункт 3 не соответствует (структура расходов бюджета района не отражена по 2016 году), пункт 4 не соотвествует (показатели, как и финансирование, должны быть в динамике 2016-2020 годов).
A25: 15 | B25: Духовницкий | C25: Не опубликован или содержит информацию менее чем по трем ключевым элементам | E25: =IF(C25=$C$5,3,(IF(C25=$C$6,2,(IF(C25=$C$7,1,0))))) -> 0 | H25: =E25*(1-F25)*(1-G25) -> 0 | J25: На сайте информация не опубликована.
A26: 16 | B26: Екатериновский | C26: Не опубликован или содержит информацию менее чем по трем ключевым элементам | E26: =IF(C26=$C$5,3,(IF(C26=$C$6,2,(IF(C26=$C$7,1,0))))) -> 0 | H26: =E26*(1-F26)*(1-G26) -> 0 | I26: http://ekaterinovka.sarmo.ru/byudzhet-dlya-grazhdan/ | J26: Брошюра подготовлена не по проекту решения о бюджете на очередной финансовый год, а по принятому решению! (будет оцениваться в I этапе п. 1.2.) Дата последнего изменения в брошюре - 22.12.2017, а бюджет принят решением от 21.12.2017 года № 17-122.
A27: 17 | B27: Ершовский | C27: Не опубликован или содержит информацию менее чем по трем ключевым элементам | E27: =IF(C27=$C$5,3,(IF(C27=$C$6,2,(IF(C27=$C$7,1,0))))) -> 0 | H27: =E27*(1-F27)*(1-G27) -> 0 | I27: http://ershov.sarmo.ru/byudzhet-i-finansy/byudzhet-dlya-grazhdan/ | J27: Брошюра подготовлена не по проекту решения о бюджете на очередной финансовый год, а по принятому решению! (будет оцениваться в I этапе п. 1.2.) Дата последнего изменения в брошюре - 26.12.2017, а бюджет принят решением от 15.12.2017 года № 63-361.
A28: 18 | B28: Ивантеевский | C28: Опубликован и содержит информацию по всем ключевым элементам | E28: =IF(C28=$C$5,3,(IF(C28=$C$6,2,(IF(C28=$C$7,1,0))))) -> 3 | H28: =E28*(1-F28)*(1-G28) -> 3 | I28: http://ivanteevka.sarmo.ru/byudzhet-dlya-grazhdan/byudzhet-dlya-grazhdan/2018/
A29: 19 | B29: Калининский | C29: Опубликован и содержит информацию по пяти и более ключевым элементам | E29: =IF(C29=$C$5,3,(IF(C29=$C$6,2,(IF(C29=$C$7,1,0))))) -> 2 | H29: =E29*(1-F29)*(1-G29) -> 2 | I29: http://kalininsk.sarmo.ru/byudzhet/byudzhet-dlya-grazhdan/ | J29: Пункт 1 не соответствует (отсутствуют показатели, характеризующие общую численность населения ), пункт 4 не соотвествует (нет данных по финансированию за 2016-2017 годы и нет привязки финансирования к показателям по каждой программе).
A30: 20 | B30: Красноармейский | C30: Опубликован и содержит информацию по пяти и более ключевым элементам | D30: Лишняя архивация одного файла | E30: =IF(C30=$C$5,3,(IF(C30=$C$6,2,(IF(C30=$C$7,1,0))))) -> 2 | G30: 0.5 | H30: =E30*(1-F30)*(1-G30) -> 1 | I30: http://krasnoarmeysk.sarmo.ru/krasnoarmeyskiy-rayon/byudzhet/byudzhet-dlya-grazhdan/ | J30: Пункт 4 не соотвествует (нет данных по финансированию на 2019-2020 годы и нет привязки финансирования к показателям по каждой программе), пункт 6 не соотвествует (нет данных о планируемых объемах гос.долга на 2018-2020 годы). Дата последнего изменения в брошюре - 15.12.2017.
A31: 21 | B31: Краснокутский | C31: Опубликован и содержит информацию по трем и более ключевым элементам | E31: =IF(C31=$C$5,3,(IF(C31=$C$6,2,(IF(C31=$C$7,1,0))))) -> 1 | H31: =E31*(1-F31)*(1-G31) -> 1 | I31: http://krasny-kut.ru/krasnokutskij_rajon/finansy/ | J31: Отсутствует пункт 5, пункт 1 не соответствует (отсутствуют показатели, характеризующие состав населения), пункт 4 не соотвествует (данные только по исполнению 2017 года,нет динамики 2016-2020 годов и нет привязки финансирования к показателям по каждой программе), пункт 6 не соответствует (нет данных по 2016 и 2020 годам).
A32: 22 | B32: Краснопартизанский | C32: Опубликован и содержит информацию по пяти и более ключевым элементам | D32: Лишняя архивация одного файла | E32: =IF(C32=$C$5,3,(IF(C32=$C$6,2,(IF(C32=$C$7,1,0))))) -> 2 | H32: =E32*(1-F32)*(1-G32) -> 2 | I32: http://gornyi.sarmo.ru/index.php?option=com_content&view=article&id=1105:2014-05-20-10-48-44&catid=34:%D0%9E%D1%81%D0%BD%D0%BE%D0%B2%D0%BD%D0%B0%D1%8F%20%D0%BA%D0%B0%D1%82%D0%B5%D0%B3%D0%BE%D1%80%D0%B8%D1%8F | J32: Пункт 6 не соответствует (нет прогнозных данных по 2018-2020 годам).
A33: 23 | B33: Лысогорский | C33: Опубликован и содержит информацию по трем и более ключевым элементам | E33: =IF(C33=$C$5,3,(IF(C33=$C$6,2,(IF(C33=$C$7,1,0))))) -> 1 | H33: =E33*(1-F33)*(1-G33) -> 1 | I33: http://adm.lysyegory.ru/base/3849-byudzhet-dlja-grazhdan-proekt-byudzheta-lysogorskogo-municipalnogo-raiona-na-2018-god-i-na-plan.html | J33: Отсутствуют пункты 5-6, пункт 1 не соответствует (отсутствуют показатели, характеризующие состав населения), пункт 4 не соотвествует (нет данных по исполнению 2016 года и нет привязки финансирования к показателям по каждой программе).
A34: 24 | B34: Марксовский | C34: Не опубликован или содержит информацию менее чем по трем ключевым элементам | E34: =IF(C34=$C$5,3,(IF(C34=$C$6,2,(IF(C34=$C$7,1,0))))) -> 0 | H34: =E34*(1-F34)*(1-G34) -> 0 | I34: http://marksadm.ru/bdg-kf.html | J34: По предоставленной ссылке отсутствует брошюра, подготовленная по проекту решения о бюджете на очередной финансовый год.
A35: 25 | B35: Новобурасский | C35: Не опубликован или содержит информацию менее чем по трем ключевым элементам | D35: Лишняя архивация одного файла | E35: =IF(C35=$C$5,3,(IF(C35=$C$6,2,(IF(C35=$C$7,1,0))))) -> 0 | H35: =E35*(1-F35)*(1-G35) -> 0 | I35: http://www.nbfin.ru/byudzhet_dlya_grazhdan1/novoburasskij_municipal_nyj_rajon/2018_god/ | J35: Отсутствуют пункты 1, 5, пункт 3 не соответствует (сведения не в разрезе подразделов), пункт 4 не соответствует (не в динамике и нет привязки финансирования к показателям по каждой программе), пункт 6 не соответствует (нет данных по 2016 и 2017 году).
A36: 26 | B36: Новоузенский | C36: Не опубликован или содержит информацию менее чем по трем ключевым элементам | E36: =IF(C36=$C$5,3,(IF(C36=$C$6,2,(IF(C36=$C$7,1,0))))) -> 0 | H36: =E36*(1-F36)*(1-G36) -> 0 | I36: http://www.novouzensk.ru/budget%20for%20people/ | J36: Брошюра подготовлена не по проекту решения о бюджете на очередной финансовый год, а по принятому решению! (будет оцениваться в I этапе п. 1.2.) Дата последнего изменения в брошюре - 23.01.2018, а бюджет принят решением от 28.12.2017 года № 215.
A37: 27 | B37: Озинский | C37: Опубликован и содержит информацию по трем и более ключевым элементам | E37: =IF(C37=$C$5,3,(IF(C37=$C$6,2,(IF(C37=$C$7,1,0))))) -> 1 | H37: =E37*(1-F37)*(1-G37) -> 1 | I37: http://ozinki.sarmo.ru/byudzhet/byudzhet-munitsipalnogo-rayona.php?ELEMENT_ID=1925 | J37: Отсутствует пункт 5, пункт 1 не соответствует (отсутствуют показатели, характеризующие состав населения), пункт 4 не соотвествует (нет привязки финансирования к показателям по каждой программе).
A38: 28 | B38: Перелюбский | C38: Опубликован и содержит информацию по всем ключевым элементам | E38: =IF(C38=$C$5,3,(IF(C38=$C$6,2,(IF(C38=$C$7,1,0))))) -> 3 | H38: =E38*(1-F38)*(1-G38) -> 3 | I38: http://perelyub.sarmo.ru/index.php?option=com_content&view=category&layout=blog&id=72&Itemid=244&limitstart=10
A39: 29 | B39: Петровский | C39: Опубликован и содержит информацию по трем и более ключевым элементам | E39: =IF(C39=$C$5,3,(IF(C39=$C$6,2,(IF(C39=$C$7,1,0))))) -> 1 | H39: =E39*(1-F39)*(1-G39) -> 1 | I39: https://petrovsk64.ru/sub-org/fin-upr/otkrytyy-byudzhet/byudzhet-dlya-grazhdan/ | J39: Пункт 1 не соответствует (отсутствуют показатели, характеризующие состав населения), пункт 4 не соответствует (целевые показатели только по одному году, не в динамике), пункт 5 не соответствует (сведения о социально-значимых проектах: наименование проекта, место реализации, сроки реализации, финансирование с разбивкой по годам и т.д.).Желательно указывать структуру муниципального долга, а не только общую сумму.
A40: 30 | B40: Питерский | C40: Опубликован и содержит информацию по пяти и более ключевым элементам | E40: =IF(C40=$C$5,3,(IF(C40=$C$6,2,(IF(C40=$C$7,1,0))))) -> 2 | G40: 0.5 | H40: =E40*(1-F40)*(1-G40) -> 1 | I40: http://piterka.sarmo.ru/byudzhet-piterskogo-mr/byudzhet-dlya-grazhdan/byudzhet-dlya-grazhdan-2017.php | J40: Бюджет для граждан, разработанный на основе проекта решения о бюджете муниципального образования, должен быть опубликован не позднее даты внесения проекта решения о бюджете муниципального образования в представительный орган и сохраняться не менее трех лет (дата внесения - 15.11.2017, дата последнего изменения в брошюре - 04.12.2017). Отсутствует пункт 5, пункт 4 не соответствует (нет привязки финансирования к показателям по каждой программе).
A41: 31 | B41: Пугачевский | C41: Не опубликован или содержит информацию менее чем по трем ключевым элементам | E41: =IF(C41=$C$5,3,(IF(C41=$C$6,2,(IF(C41=$C$7,1,0))))) -> 0 | H41: =E41*(1-F41)*(1-G41) -> 0 | J41: На сайте информация не опубликована.
A42: 32 | B42: Ровенский | C42: Не опубликован или содержит информацию менее чем по трем ключевым элементам | E42: =IF(C42=$C$5,3,(IF(C42=$C$6,2,(IF(C42=$C$7,1,0))))) -> 0 | H42: =E42*(1-F42)*(1-G42) -> 0 | J42: На сайте информация не опубликована.
A43: 33 | B43: Романовский | C43: Опубликован и содержит информацию по пяти и более ключевым элементам | E43: =IF(C43=$C$5,3,(IF(C43=$C$6,2,(IF(C43=$C$7,1,0))))) -> 2 | H43: =E43*(1-F43)*(1-G43) -> 2 | I43: http://romanovka.sarmo.ru/byudzhet-dlya-grazhdan/byudzhet-romanovskogo-munitsipalnogo-rayona/byudzhet-dlya-grazhdan.php | J43: Пункт 1 не соответствует (отсутствуют показатели, характеризующие численность и состав населения), пункт 3 не соответствует (сведения не в разрезе подразделов).
A44: 34 | B44: Ртищевский | C44: Не опубликован или содержит информацию менее чем по трем ключевым элементам | E44: =IF(C44=$C$5,3,(IF(C44=$C$6,2,(IF(C44=$C$7,1,0))))) -> 0 | H44: =E44*(1-F44)*(1-G44) -> 0 | I44: http://rtishevo.sarmo.ru/finansovyy-organ/rtishchevskiy-munitsipalnyy-rayon/2018-god/byudzhet-dlya-grazhdan/index.php | J44: По предоставленной ссылке отсутствует брошюра, подготовленная по проекту решения о бюджете на очередной финансовый год.
A45: 35 | B45: Самойловский | C45: Не опубликован или содержит информацию менее чем по трем ключевым элементам | E45: =IF(C45=$C$5,3,(IF(C45=$C$6,2,(IF(C45=$C$7,1,0))))) -> 0 | H45: =E45*(1-F45)*(1-G45) -> 0 | I45: http://sam64.ru/index.php?option=com_content&view=article&id=634&Itemid=242 | J45: Брошюра подготовлена не по проекту решения о бюджете на очередной финансовый год, а по принятому решению! (будет оцениваться в I этапе п. 1.2.) Дата последнего изменения в брошюре - 15.12.2017, а бюджет принят решением от 06.12.2017 года № 120.
A46: 36 | B46: Саратовский | C46: Опубликован и содержит информацию по трем и более ключевым элементам | E46: =IF(C46=$C$5,3,(IF(C46=$C$6,2,(IF(C46=$C$7,1,0))))) -> 1 | H46: =E46*(1-F46)*(1-G46) -> 1 | I46: http://saratov.sarmo.ru/index.php?option=com_content&view=article&id=6446&Itemid=661 | J46: Ссылка на страницу не была предоставлена. Отсутствует пункт 5, пункт 1 не соответствует (общая численность населения не в динамике, только на 01.01.2017 г.), пункт 4 не соотвествует (нет привязки финансирования к показателям по каждой программе, только по одной), пункт 6 не соответствует (нед данных по уровню долга 2016 и 2017 годов).
A47: 37 | B47: Советский | C47: Опубликован и содержит информацию по пяти и более ключевым элементам | E47: =IF(C47=$C$5,3,(IF(C47=$C$6,2,(IF(C47=$C$7,1,0))))) -> 2 | H47: =E47*(1-F47)*(1-G47) -> 2 | I47: http://stepnoeadm.ru/%d0%b1%d1%8e%d0%b4%d0%b6%d0%b5%d1%82/%d0%b1%d1%8e%d0%b4%d0%b6%d0%b5%d1%82-%d0%b4%d0%bb%d1%8f-%d0%b3%d1%80%d0%b0%d0%b6%d0%b4%d0%b0%d0%bd/ | J47: Пункт 5 отсутствует, пункт 4 не соотвествует ( нет привязки финансирования к показателям по каждой программе).
A48: 38 | B48: Татищевский | C48: Опубликован и содержит информацию по пяти и более ключевым элементам | E48: =IF(C48=$C$5,3,(IF(C48=$C$6,2,(IF(C48=$C$7,1,0))))) -> 2 | H48: =E48*(1-F48)*(1-G48) -> 2 | I48: http://tatishevo.saratov.gov.ru/index.php?option=com_content&view=article&id=4151:2017-11-23-08-35-59&catid=46:2009-12-20-17-15-45&Itemid=81 | J48: Пункт 5 не соответствует (сведения о социально-значимых проектах: наименование проекта, место реализации, сроки реализации, финансирование с разбивкой по годам и т.д.).
A49: 39 | B49: Турковский | C49: Опубликован и содержит информацию по трем и более ключевым элементам | E49: =IF(C49=$C$5,3,(IF(C49=$C$6,2,(IF(C49=$C$7,1,0))))) -> 1 | H49: =E49*(1-F49)*(1-G49) -> 1 | I49: http://turki.sarmo.ru/sobranie-deputatov-turkovskogo-munitsipalnogo-rayona/dokumenty/byudzhet/byudzhet-dlya-grazhdan/ | J49: Оцениваемая ссылка не была предоставлена. Пункт 5 отсутствует, пункт 1 не соответствует (отсутствуют показатели, характеризующие состав населения), пункт 3 не соответствует (сведения не в разрезе подразделов), пункт 4 не соответствует (целевые показатели представлены только итоговые, не по каждому году).
A50: 40 | B50: Федоровский | C50: Опубликован и содержит информацию по всем ключевым элементам | E50: =IF(C50=$C$5,3,(IF(C50=$C$6,2,(IF(C50=$C$7,1,0))))) -> 3 | H50: =E50*(1-F50)*(1-G50) -> 3 | I50: http://mokrous.fedrayon.ru/index.php?option=com_content&view=article&id=1441&Itemid=346
A51: 41 | B51: Хвалынский | C51: Не опубликован или содержит информацию менее чем по трем ключевым элементам | E51: =IF(C51=$C$5,3,(IF(C51=$C$6,2,(IF(C51=$C$7,1,0))))) -> 0 | H51: =E51*(1-F51)*(1-G51) -> 0 | J51: На сайте информация не опубликована.
A52: 42 | B52: Энгельсский | C52: Не опубликован или содержит информацию менее чем по трем ключевым элементам | E52: =IF(C52=$C$5,3,(IF(C52=$C$6,2,(IF(C52=$C$7,1,0))))) -> 0 | H52: =E52*(1-F52)*(1-G52) -> 0 | I52: http://www.engels-city.ru/byudzhet-dlya-grazhdan | J52: Брошюра подготовлена не по проекту решения о бюджете на очередной финансовый год, а по принятому решению! (будет оцениваться в I этапе п. 1.2.) Дата последнего изменения в брошюре - 21.12.2017, а бюджет принят решением от 21.12.2017 года № 333/40-05.

Sheet Показатель 9.1
A1: 9.1. Информационное сообщение для граждан о проведении публичных слушаний по проекту решения о бюджете муниципального образования на очередной финансовый год (очередной финансовый год и плановый период) на портале (сайте)
A2: Комментарий:
A3: ='Методика IV этап'!B19 -> В составе информационных сообщений о проведении публичных слушаний в обязательном порядке должны быть указаны дата, время, место и порядок их проведения и определения результата. Если указанные сведения представлены частично, оценка показателя принимает значение 0 баллов. В случае, если в установленный срок в информационном сообщении ссылка (адрес) на раздел (страницу) портала (сайта), где опубликованы указанные материалы, отсутствует, а также если по указанной ссылке (адресу) проект решения о бюджете муниципального образования на очередной финансовый год (очередной финансовый год и плановый период) не опубликован, оценка показателя принимает значение 0 баллов. Информационное сообщение о проведении публичных слушаний по проекту решения о бюджете должно быть опубликовано не позднее, чем за пять рабочих дней до дня проведения публичных слушаний и сохраняться до принятия решения об исполнении бюджета. При нарушении указанного срока применяется понижающий коэффициент за несоблюдение сроков обеспечения доступа к бюджетным данным. В случае, если информационное сообщение о проведении публичных слушаний опубликовано в день их проведения или позднее, оценка показателя принимает значение 0 баллов.
A4: № п/п | B4: Вопрос | C4: ='Методика IV этап'!B18 -> Опубликование информационного сообщения для граждан о проведении публичных слушаний по проекту решения о бюджете муниципального образования на очередной финансовый год (очередной финансовый год и плановый период) на портале (сайте) | D4: Доступность (указать, если возникли трудности с поиском документа, если переход осуществляется более, чем за 5 «кликов» с основной страницы портала (сайта), если название раздела не соответствует содержанию) | E4: Оценка показателя 9.1 | I4: Ссылка на источник данных | J4: Комментарии
B5: Варианты ответов | C5: ='Методика IV этап'!B20 -> Опубликовано и содержит информацию о том, где можно ознакомиться с проектом решения о бюджете муниципального образования на очередной финансовый год (очередной финансовый год и плановый период) | E5: баллы | F5: понижающие коэффициенты | H5: Итого
C6: ='Методика IV этап'!B21 -> Не опубликовано, или публичные слушания не проводились, или не отвечает требованиям | F6: затруднен-ный поиск | G6: несоблюде-ние сроков
B7: Городскте округа
A8: 1 | B8: г. Саратов | C8: Опубликовано и содержит информацию о том, где можно ознакомиться с проектом решения о бюджете муниципального образования на очередной финансовый год (очередной финансовый год и плановый период) | E8: =IF(C8=$C$5,1,0) -> 1 | H8: =E8*(1-F8)*(1-G8) -> 1 | I8: http://saratovmer.ru/news/2017/10/23/50455.html
A9: 2 | B9: ЗАТО Михайловское | C9: Не опубликовано, или публичные слушания не проводились, или не отвечает требованиям | D9: Раздел «Публичные слушания» | E9: =IF(C9=$C$5,1,0) -> 0 | H9: =E9*(1-F9)*(1-G9) -> 0 | I9: http://mihailovski.ru/administratsiya/finansy/publichnye-slushaniya/obyavlenie/ | J9: Ссылка предоставлена на раздел «Публичные слушания», где опубликовано объявление. Информационное сообщение не содержит информацию о порядке проведения и определения результатов публичных слушаний, а также ссылку на страницу, где можно ознакомиться с проектом решения. Для увеличения вероятности просмотра информационного сообщения для граждан о проведении публичных слушаний по проекту решения о бюджете на 2018 год на портале (сайте) предпочтительным для публикации считается раздел «Новости муниципального района» (обязательно со ссылкой на страницу, где можно ознакомиться с проектом решения).
A10: 3 | B10: ЗАТО Светлый | C10: Опубликовано и содержит информацию о том, где можно ознакомиться с проектом решения о бюджете муниципального образования на очередной финансовый год (очередной финансовый год и плановый период) | E10: =IF(C10=$C$5,1,0) -> 1 | H10: =E10*(1-F10)*(1-G10) -> 1 | I10: http://www.zatosvetly.ru/about/info/news/10582/
A11: 4 | B11: ЗАТО Шиханы | C11: Не опубликовано, или публичные слушания не проводились, или не отвечает требованиям | E11: =IF(C11=$C$5,1,0) -> 0 | H11: =E11*(1-F11)*(1-G11) -> 0 | I11: http://zatoshihany.ru/about/info/projects/2425/ | J11: Информационное сообщение не содержит информацию о порядке проведения и определения результатов публичных слушаний, а также о том, где можно ознакомиться с проектом решения о бюджете на очередной финансовый год.
B12: Муниципальные районы
A13: 5 | B13: Александрово-Гайский | C13: Не опубликовано, или публичные слушания не проводились, или не отвечает требованиям | E13: =IF(C13=$C$5,1,0) -> 0 | H13: =E13*(1-F13)*(1-G13) -> 0 | I13: http://algay.sarmo.ru/byudzhet-ekonomika-finansy/publichnye-slushaniya-2018.php | J13: Ссылка предоставлена на раздел «Публичные слушания», где публикуются постановления о проведении публичных слушаний, заключения и протоколы. Для увеличения вероятности просмотра информационного сообщения для граждан о проведении публичных слушаний по проекту решения о бюджете на 2018 год на портале (сайте) предпочтительным для публикации считается раздел «Новости муниципального района» (обязательно со ссылкой на страницу, где можно ознакомиться с проектом решения). На http://algay.sarmo.ru/novosti/?ELEMENT_ID=2188 размещено сообщение о состоявшихся публичных слушаниях, по аналогии необходимо анонсировать мероприятие не позднее, чем за 5 рабочих дней до дня проведения.
A14: 6 | B14: Аркадакский | C14: Не опубликовано, или публичные слушания не проводились, или не отвечает требованиям | E14: =IF(C14=$C$5,1,0) -> 0 | H14: =E14*(1-F14)*(1-G14) -> 0 | I14: http://arkadak.sarmo.ru/byudzhet-munitsipalnogo-rayona/reshenie-o-byudzhete/byudzhet2018-proekt.php | J14: Ссылка предоставлена на страницу, где публикуются решение муниципального собрания о принятии к рассмотрению проекта бюджета. Для увеличения вероятности просмотра информационного сообщения для граждан о проведении публичных слушаний по проекту решения о бюджете на 2018 год на портале (сайте) предпочтительным для публикации считается раздел «Новости муниципального района» (обязательно со ссылкой на страницу, где можно ознакомиться с проектом решения).
A15: 7 | B15: Аткарский | C15: Не опубликовано, или публичные слушания не проводились, или не отвечает требованиям | E15: =IF(C15=$C$5,1,0) -> 0 | H15: =E15*(1-F15)*(1-G15) -> 0 | I15: http://proatkarsk.ru/CityArticles.aspx?articleid=6290 | J15: По предоставленной ссылке опубликовано решение о назначении публичных слушаний по проекту местного бюджета Аткарского муниципального района Саратовской области на 2018 год. Для увеличения вероятности просмотра информационного сообщения для граждан о проведении публичных слушаний по проекту решения о бюджете на 2018 год на портале (сайте) предпочтительным для публикации считается раздел «Новости муниципального района» (обязательно со ссылкой на страницу, где можно ознакомиться с проектом решения).
A16: 8 | B16: Базарно-Карабулакский | C16: Опубликовано и содержит информацию о том, где можно ознакомиться с проектом решения о бюджете муниципального образования на очередной финансовый год (очередной финансовый год и плановый период) | E16: =IF(C16=$C$5,1,0) -> 1 | H16: =E16*(1-F16)*(1-G16) -> 1 | I16: http://bkarabulak.sarmo.ru/index.php?option=com_content&view=article&id=7497:-l-2018-2019-2020-r&catid=43:%D0%9D%D0%BE%D0%B2%D0%BE%D1%81%D1%82%D0%B8%20%D0%BC%D1%83%D0%BD%D0%B8%D1%86%D0%B8%D0%BF%D0%B0%D0%BB%D1%8C%D0%BD%D0%BE%D0%B3%D0%BE%20%D1%80%D0%B0%D0%B9%D0%BE%D0%BD%D0%B0&Itemid=169
A17: 9 | B17: Балаковский | C17: Опубликовано и содержит информацию о том, где можно ознакомиться с проектом решения о бюджете муниципального образования на очередной финансовый год (очередной финансовый год и плановый период) | E17: =IF(C17=$C$5,1,0) -> 1 | H17: =E17*(1-F17)*(1-G17) -> 1 | I17: http://www.admbal.ru/news/uvazhaemye-zhiteli-balakovskogo-munitsipalnogo-raiona-0
A18: 10 | B18: Балашовский | C18: Опубликовано и содержит информацию о том, где можно ознакомиться с проектом решения о бюджете муниципального образования на очередной финансовый год (очередной финансовый год и плановый период) | D18: Раздел «Бюджет на 2018 год и плановый период 2019 и 2020 годов» | E18: =IF(C18=$C$5,1,0) -> 1 | F18: 0.5 | H18: =E18*(1-F18)*(1-G18) -> 0.5 | I18: http://baladmin.ru/byudzhet-na-2018-god-i-planovyy-period-2019-i-2020-godov.php | J18: Для увеличения вероятности просмотра информационного сообщения для граждан о проведении публичных слушаний по проекту решения о бюджете на 2018 год на портале (сайте) предпочтительным для публикации считается раздел «Новости муниципального района» (обязательно со ссылкой на страницу, где можно ознакомиться с проектом решения).
A19: 11 | B19: Балтайский | C19: Не опубликовано, или публичные слушания не проводились, или не отвечает требованиям | E19: =IF(C19=$C$5,1,0) -> 0 | H19: =E19*(1-F19)*(1-G19) -> 0 | J19: Для увеличения вероятности просмотра информационного сообщения для граждан о проведении публичных слушаний по проекту решения о бюджете на 2018 год на портале (сайте) предпочтительным для публикации считается раздел «Новости муниципального района» (обязательно со ссылкой на страницу, где можно ознакомиться с проектом решения).
A20: 12 | B20: Вольский | C20: Не опубликовано, или публичные слушания не проводились, или не отвечает требованиям | E20: =IF(C20=$C$5,1,0) -> 0 | H20: =E20*(1-F20)*(1-G20) -> 0 | I20: http://volsk-ms.ru/publichnyie-slushaniya-2017/ | J20: По предоставленной ссылке опубликовано постановление главы района о назначении публичных слушаний по проекту местного бюджета на 2018 год. Для увеличения вероятности просмотра информационного сообщения для граждан о проведении публичных слушаний по проекту решения о бюджете на 2018 год на портале (сайте) предпочтительным для публикации считается раздел «Новости муниципального района» (обязательно со ссылкой на страницу, где можно ознакомиться с проектом решения).
A21: 13 | B21: Воскресенский | C21: Не опубликовано, или публичные слушания не проводились, или не отвечает требованиям | E21: =IF(C21=$C$5,1,0) -> 0 | H21: =E21*(1-F21)*(1-G21) -> 0 | J21: На сайте информация не опубликована.
A22: 14 | B22: Дергачевский | C22: Не опубликовано, или публичные слушания не проводились, или не отвечает требованиям | E22: =IF(C22=$C$5,1,0) -> 0 | H22: =E22*(1-F22)*(1-G22) -> 0 | I22: http://dergachi.sarmo.ru/novosti/?ELEMENT_ID=660 | J22: Информационное сообщение не содержит информацию о порядке проведения и определения результатов публичных слушаний, а также ссылку на страницу, где можно ознакомиться с проектом решения.
A23: 15 | B23: Духовницкий | C23: Не опубликовано, или публичные слушания не проводились, или не отвечает требованиям | D23: Раздел «Публичные слушания» | E23: =IF(C23=$C$5,1,0) -> 0 | H23: =E23*(1-F23)*(1-G23) -> 0 | I23: http://duhovnitskoe.sarmo.ru/publichnye-slushaniya/ | J23: Информационное сообщение не содержит информацию о том, где можно ознакомиться с проектом решения о бюджете на очередной финансовый год. Для увеличения вероятности просмотра информационного сообщения для граждан о проведении публичных слушаний по проекту решения о бюджете на 2018 год на портале (сайте) предпочтительным для публикации считается раздел «Новости муниципального района» (обязательно со ссылкой на страницу, где можно ознакомиться с проектом решения).
A24: 16 | B24: Екатериновский | C24: Не опубликовано, или публичные слушания не проводились, или не отвечает требованиям | E24: =IF(C24=$C$5,1,0) -> 0 | H24: =E24*(1-F24)*(1-G24) -> 0 | I24: http://ekaterinovka.sarmo.ru/rayonnoe-sobranie/publichnye-slushaniya.php | J24: По предоставленной ссылке информационное сообщение отсутствует. Для увеличения вероятности просмотра информационного сообщения для граждан о проведении публичных слушаний по проекту решения о бюджете на 2018 год на портале (сайте) предпочтительным для публикации считается раздел «Новости муниципального района» (обязательно со ссылкой на страницу, где можно ознакомиться с проектом решения).
A25: 17 | B25: Ершовский | C25: Не опубликовано, или публичные слушания не проводились, или не отвечает требованиям | E25: =IF(C25=$C$5,1,0) -> 0 | H25: =E25*(1-F25)*(1-G25) -> 0 | I25: http://ershov.sarmo.ru/raion-sobr/resheniya/ | J25: Предоставленная ссылка выдает ошибку сайта, но по адресу видно, что ссылка ведет на раздел «Решения». Для увеличения вероятности просмотра информационного сообщения для граждан о проведении публичных слушаний по проекту решения о бюджете на 2018 год на портале (сайте) предпочтительным для публикации считается раздел «Новости муниципального района» (обязательно со ссылкой на страницу, где можно ознакомиться с проектом решения).
A26: 18 | B26: Ивантеевский | C26: Опубликовано и содержит информацию о том, где можно ознакомиться с проектом решения о бюджете муниципального образования на очередной финансовый год (очередной финансовый год и плановый период) | E26: =IF(C26=$C$5,1,0) -> 1 | H26: =E26*(1-F26)*(1-G26) -> 1 | I26: http://ivanteevka.sarmo.ru/novosti-rayona/?ELEMENT_ID=2197
A27: 19 | B27: Калининский | C27: Не опубликовано, или публичные слушания не проводились, или не отвечает требованиям | E27: =IF(C27=$C$5,1,0) -> 0 | H27: =E27*(1-F27)*(1-G27) -> 0 | I27: http://kalininsk.sarmo.ru/predstavitelnyy-organ-munitsipalnogo-rayona/dokumenty-normativnye-akty/ | J27: Ссылка предоставлена на страницу, где публикуются НПА представительного органа муниципального района. Для увеличения вероятности просмотра информационного сообщения для граждан о проведении публичных слушаний по проекту решения о бюджете на 2018 год на портале (сайте) предпочтительным для публикации считается раздел «Новости муниципального района» (обязательно со ссылкой на страницу, где можно ознакомиться с проектом решения).
A28: 20 | B28: Красноармейский | C28: Не опубликовано, или публичные слушания не проводились, или не отвечает требованиям | E28: =IF(C28=$C$5,1,0) -> 0 | H28: =E28*(1-F28)*(1-G28) -> 0 | I28: http://krasnoarmeysk.sarmo.ru/predstavitelnyy-organ/resheniya-sobraniya-deputatov/ | J28: Ссылка предоставлена на страницу, где публикуются НПА представительного органа муниципального района. Для увеличения вероятности просмотра информационного сообщения для граждан о проведении публичных слушаний по проекту решения о бюджете на 2018 год на портале (сайте) предпочтительным для публикации считается раздел «Новости муниципального района» (обязательно со ссылкой на страницу, где можно ознакомиться с проектом решения).
A29: 21 | B29: Краснокутский | C29: Опубликовано и содержит информацию о том, где можно ознакомиться с проектом решения о бюджете муниципального образования на очередной финансовый год (очередной финансовый год и плановый период) | D29: Раздел «Финансы» | E29: =IF(C29=$C$5,1,0) -> 1 | F29: 0.5 | H29: =E29*(1-F29)*(1-G29) -> 0.5 | I29: http://krasny-kut.ru/krasnokutskij_rajon/finansy/novosti/ | J29: Для увеличения вероятности просмотра информационного сообщения для граждан о проведении публичных слушаний по проекту решения о бюджете на 2018 год на портале (сайте) предпочтительным для публикации считается раздел «Новости муниципального района» (обязательно со ссылкой на страницу, где можно ознакомиться с проектом решения).
A30: 22 | B30: Краснопартизанский | C30: Не опубликовано, или публичные слушания не проводились, или не отвечает требованиям | D30: Лишняя архивация одного файла | E30: =IF(C30=$C$5,1,0) -> 0 | H30: =E30*(1-F30)*(1-G30) -> 0 | I30: http://gornyi.sarmo.ru/index.php?option=com_content&view=article&id=3422:2017-11-17-08-27-04&catid=34:%D0%9E%D1%81%D0%BD%D0%BE%D0%B2%D0%BD%D0%B0%D1%8F%20%D0%BA%D0%B0%D1%82%D0%B5%D0%B3%D0%BE%D1%80%D0%B8%D1%8F | J30: По предоставленной ссылке находится информационное сообщение в файле Word. Для увеличения вероятности просмотра информационного сообщения для граждан о проведении публичных слушаний по проекту решения о бюджете на 2018 год на портале (сайте) предпочтительным для публикации считается раздел «Новости муниципального района» (обязательно со ссылкой на страницу, где можно ознакомиться с проектом решения).
A31: 23 | B31: Лысогорский | C31: Не опубликовано, или публичные слушания не проводились, или не отвечает требованиям | D31: Раздел «Составление проекта бюджета» | E31: =IF(C31=$C$5,1,0) -> 0 | H31: =E31*(1-F31)*(1-G31) -> 0 | I31: http://adm.lysyegory.ru/base/3846-publichnye-slushanija.html | J31: Информационное сообщение не содержит информацию о порядке проведения и определения результатов публичных слушаний, а также о том, где можно ознакомиться с проектом решения о бюджете на очередной финансовый год. Для увеличения вероятности просмотра информационного сообщения для граждан о проведении публичных слушаний по проекту решения о бюджете на 2018 год на портале (сайте) предпочтительным для публикации считается раздел «Новости муниципального района» (обязательно со ссылкой на страницу, где можно ознакомиться с проектом решения).
A32: 24 | B32: Марксовский | C32: Опубликовано и содержит информацию о том, где можно ознакомиться с проектом решения о бюджете муниципального образования на очередной финансовый год (очередной финансовый год и плановый период) | D32: Раздел «Публичные слушания» | E32: =IF(C32=$C$5,1,0) -> 1 | F32: 0.5 | H32: =E32*(1-F32)*(1-G32) -> 0.5 | I32: http://marksadm.ru/ps-sl.html | J32: Для увеличения вероятности просмотра информационного сообщения для граждан о проведении публичных слушаний по проекту решения о бюджете на 2018 год на портале (сайте) предпочтительным для публикации считается раздел «Новости муниципального района» (обязательно со ссылкой на страницу, где можно ознакомиться с проектом решения).
A33: 25 | B33: Новобурасский | C33: Опубликовано и содержит информацию о том, где можно ознакомиться с проектом решения о бюджете муниципального образования на очередной финансовый год (очередной финансовый год и плановый период) | D33: Раздел «Новости» на отдельном сайте финансового управления, а не на сайте администрации. Причем в этом разделе это единственная новость. | E33: =IF(C33=$C$5,1,0) -> 1 | F33: 0.5 | H33: =E33*(1-F33)*(1-G33) -> 0.5 | I33: http://www.nbfin.ru/allnews/ | J33: Для увеличения вероятности просмотра информационного сообщения для граждан о проведении публичных слушаний по проекту решения о бюджете на 2018 год на портале (сайте) предпочтительным для публикации считается раздел «Новости муниципального района» (обязательно со ссылкой на страницу, где можно ознакомиться с проектом решения).
A34: 26 | B34: Новоузенский | C34: Не опубликовано, или публичные слушания не проводились, или не отвечает требованиям | E34: =IF(C34=$C$5,1,0) -> 0 | H34: =E34*(1-F34)*(1-G34) -> 0 | I34: http://www.novouzensk.ru/sobranie/sobr/akty/ | J34: Ссылка предоставлена на страницу, где публикуются НПА Собрания муниципального района. Для увеличения вероятности просмотра информационного сообщения для граждан о проведении публичных слушаний по проекту решения о бюджете на 2018 год на портале (сайте) предпочтительным для публикации считается раздел «Новости муниципального района» (обязательно со ссылкой на страницу, где можно ознакомиться с проектом решения).
A35: 27 | B35: Озинский | C35: Не опубликовано, или публичные слушания не проводились, или не отвечает требованиям | E35: =IF(C35=$C$5,1,0) -> 0 | H35: =E35*(1-F35)*(1-G35) -> 0 | I35: http://ozinki.sarmo.ru/byudzhet/byudzhet-munitsipalnogo-rayona.php?ELEMENT_ID=1925 | J35: Информационное сообщение не содержит информацию о порядке проведения и определения результатов публичных слушаний. Для увеличения вероятности просмотра информационного сообщения для граждан о проведении публичных слушаний по проекту решения о бюджете на 2018 год на портале (сайте) предпочтительным для публикации считается раздел «Новости муниципального района» (обязательно со ссылкой на страницу, где можно ознакомиться с проектом решения).
A36: 28 | B36: Перелюбский | C36: Не опубликовано, или публичные слушания не проводились, или не отвечает требованиям | E36: =IF(C36=$C$5,1,0) -> 0 | H36: =E36*(1-F36)*(1-G36) -> 0 | I36: http://perelyub.sarmo.ru/index.php?option=com_content&view=category&layout=blog&id=63&Itemid=172&limitstart=30 | J36: Информационное сообщение не содержит информацию о порядке проведения и определения результатов публичных слушаний.
A37: 29 | B37: Петровский | C37: Опубликовано и содержит информацию о том, где можно ознакомиться с проектом решения о бюджете муниципального образования на очередной финансовый год (очередной финансовый год и плановый период) | D37: Раздел «Бюджет для граждан» | E37: =IF(C37=$C$5,1,0) -> 1 | F37: 0.5 | H37: =E37*(1-F37)*(1-G37) -> 0.5 | I37: https://petrovsk64.ru/sub-org/fin-upr/otkrytyy-byudzhet/byudzhet-dlya-grazhdan/ | J37: Для увеличения вероятности просмотра информационного сообщения для граждан о проведении публичных слушаний по проекту решения о бюджете на 2018 год на портале (сайте) предпочтительным для публикации считается раздел «Новости муниципального района» (обязательно со ссылкой на страницу, где можно ознакомиться с проектом решения).
A38: 30 | B38: Питерский | C38: Не опубликовано, или публичные слушания не проводились, или не отвечает требованиям | D38: Раздел «Публичные слушания» | E38: =IF(C38=$C$5,1,0) -> 0 | H38: =E38*(1-F38)*(1-G38) -> 0 | I38: http://piterka.sarmo.ru/byudzhet-piterskogo-mr/mestnyy-byudzhet./2016/index.php | J38: По предоставленной ссылке находится информационное сообщение в файле Word. Для увеличения вероятности просмотра информационного сообщения для граждан о проведении публичных слушаний по проекту решения о бюджете на 2018 год на портале (сайте) предпочтительным для публикации считается раздел «Новости муниципального района» (обязательно со ссылкой на страницу, где можно ознакомиться с проектом решения).
A39: 31 | B39: Пугачевский | C39: Не опубликовано, или публичные слушания не проводились, или не отвечает требованиям | E39: =IF(C39=$C$5,1,0) -> 0 | H39: =E39*(1-F39)*(1-G39) -> 0 | I39: http://pugachev-adm.ru/naznachenyi-publichnyie-slushaniya-10.html | J39: Информационное сообщение не содержит информацию о порядке проведения и определения результатов публичных слушаний.
A40: 32 | B40: Ровенский | C40: Опубликовано и содержит информацию о том, где можно ознакомиться с проектом решения о бюджете муниципального образования на очередной финансовый год (очередной финансовый год и плановый период) | E40: =IF(C40=$C$5,1,0) -> 1 | H40: =E40*(1-F40)*(1-G40) -> 1 | I40: http://rovnoe.sarmo.ru/novosti/1447/
A41: 33 | B41: Романовский | C41: Опубликовано и содержит информацию о том, где можно ознакомиться с проектом решения о бюджете муниципального образования на очередной финансовый год (очередной финансовый год и плановый период) | E41: =IF(C41=$C$5,1,0) -> 1 | H41: =E41*(1-F41)*(1-G41) -> 1 | I41: http://romanovka.sarmo.ru/novosti-v-rayone/?ELEMENT_ID=517&sphrase_id=1204
A42: 34 | B42: Ртищевский | C42: Не опубликовано, или публичные слушания не проводились, или не отвечает требованиям | E42: =IF(C42=$C$5,1,0) -> 0 | H42: =E42*(1-F42)*(1-G42) -> 0 | I42: http://rtishevo.sarmo.ru/finansovyy-organ/rtishchevskiy-munitsipalnyy-rayon/2018-god/reshenie-o-proekte-byudzheta-munitsipalnogo-rayona/index.php | J42: По предоставленной ссылке оцениваемая информация не обнаружена. Для увеличения вероятности просмотра информационного сообщения для граждан о проведении публичных слушаний по проекту решения о бюджете на 2018 год на портале (сайте) предпочтительным для публикации считается раздел «Новости муниципального района» (обязательно со ссылкой на страницу, где можно ознакомиться с проектом решения).
A43: 35 | B43: Самойловский | C43: Не опубликовано, или публичные слушания не проводились, или не отвечает требованиям | E43: =IF(C43=$C$5,1,0) -> 0 | H43: =E43*(1-F43)*(1-G43) -> 0 | I43: http://sam64.ru/index.php?option=com_content&view=article&id=172&Itemid=155 | J43: По предоставленной ссылке находится не информационное сообщение, а постановление о вынесении на публичные слушания проекта решения о бюджете. Для увеличения вероятности просмотра информационного сообщения для граждан о проведении публичных слушаний по проекту решения о бюджете на 2018 год на портале (сайте) предпочтительным для публикации считается раздел «Новости муниципального района» (обязательно со ссылкой на страницу, где можно ознакомиться с проектом решения).
A44: 36 | B44: Саратовский | C44: Не опубликовано, или публичные слушания не проводились, или не отвечает требованиям | E44: =IF(C44=$C$5,1,0) -> 0 | H44: =E44*(1-F44)*(1-G44) -> 0 | I44: http://saratov.sarmo.ru/index.php?option=com_content&view=article&id=5100&Itemid=530 | J44: Ссылка на страницу не была предоставлена. По предоставленной ссылке находится информационное сообщение в файле Word. Для увеличения вероятности просмотра информационного сообщения для граждан о проведении публичных слушаний по проекту решения о бюджете на 2018 год на портале (сайте) предпочтительным для публикации считается раздел «Новости муниципального района» (обязательно со ссылкой на страницу, где можно ознакомиться с проектом решения).
A45: 37 | B45: Советский | C45: Опубликовано и содержит информацию о том, где можно ознакомиться с проектом решения о бюджете муниципального образования на очередной финансовый год (очередной финансовый год и плановый период) | D45: Раздел «Местный бюджет» | E45: =IF(C45=$C$5,1,0) -> 1 | F45: 0.5 | H45: =E45*(1-F45)*(1-G45) -> 0.5 | I45: http://stepnoeadm.ru/%d0%b1%d1%8e%d0%b4%d0%b6%d0%b5%d1%82/%d0%bc%d0%b5%d1%81%d1%82%d0%bd%d1%8b%d0%b9-%d0%b1%d1%8e%d0%b4%d0%b6%d0%b5%d1%82/ | J45: Для увеличения вероятности просмотра информационного сообщения для граждан о проведении публичных слушаний по проекту решения о бюджете на 2018 год на портале (сайте) предпочтительным для публикации считается раздел «Новости муниципального района» (обязательно со ссылкой на страницу, где можно ознакомиться с проектом решения).
A46: 38 | B46: Татищевский | C46: Опубликовано и содержит информацию о том, где можно ознакомиться с проектом решения о бюджете муниципального образования на очередной финансовый год (очередной финансовый год и плановый период) | D46: Раздел «Решения о муниципальном бюджете» | E46: =IF(C46=$C$5,1,0) -> 1 | F46: 0.5 | H46: =E46*(1-F46)*(1-G46) -> 0.5 | I46: http://tatishevo.saratov.gov.ru/index.php?option=com_content&view=article&id=2666:2016-02-02-08-52-24&catid=64:2009-12-20-17-44-19&Itemid=91 | J46: Для увеличения вероятности просмотра информационного сообщения для граждан о проведении публичных слушаний по проекту решения о бюджете на 2018 год на портале (сайте) предпочтительным для публикации считается раздел «Новости муниципального района» (обязательно со ссылкой на страницу, где можно ознакомиться с проектом решения).
A47: 39 | B47: Турковский | C47: Не опубликовано, или публичные слушания не проводились, или не отвечает требованиям | D47: Раздел «Публичные слушания» | E47: =IF(C47=$C$5,1,0) -> 0 | H47: =E47*(1-F47)*(1-G47) -> 0 | I47: http://turki.sarmo.ru/sobranie-deputatov-turkovskogo-munitsipalnogo-rayona/dokumenty/publichnye-slushaniya/ | J47: Информационное сообщение не содержит информацию о порядке проведения и определения результатов публичных слушаний. Для увеличения вероятности просмотра информационного сообщения для граждан о проведении публичных слушаний по проекту решения о бюджете на 2018 год на портале (сайте) предпочтительным для публикации считается раздел «Новости муниципального района» (обязательно со ссылкой на страницу, где можно ознакомиться с проектом решения).
A48: 40 | B48: Федоровский | C48: Опубликовано и содержит информацию о том, где можно ознакомиться с проектом решения о бюджете муниципального образования на очередной финансовый год (очередной финансовый год и плановый период) | D48: Раздел «Бюджет 2018» | E48: =IF(C48=$C$5,1,0) -> 1 | F48: 0.5 | H48: =E48*(1-F48)*(1-G48) -> 0.5 | I48: http://mokrous.fedrayon.ru/index.php?option=com_content&view=article&id=1441&Itemid=346 | J48: Для увеличения вероятности просмотра информационного сообщения для граждан о проведении публичных слушаний по проекту решения о бюджете на 2018 год на портале (сайте) предпочтительным для публикации считается раздел «Новости муниципального района» (обязательно со ссылкой на страницу, где можно ознакомиться с проектом решения).
A49: 41 | B49: Хвалынский | C49: Не опубликовано, или публичные слушания не проводились, или не отвечает требованиям | E49: =IF(C49=$C$5,1,0) -> 0 | H49: =E49*(1-F49)*(1-G49) -> 0 | I49: http://hvalynsk.sarmo.ru/administratsiya-khvalynskogo-munitsipalnogo-rayona/byudzhet/byudzhet-2018/ | J49: Информационное сообщение не содержит информацию о порядке проведения и определения результатов публичных слушаний, а также о том, где можно ознакомиться с проектом решения о бюджете на очередной финансовый год.
A50: 42 | B50: Энгельсский | C50: Не опубликовано, или публичные слушания не проводились, или не отвечает требованиям | E50: =IF(C50=$C$5,1,0) -> 0 | H50: =E50*(1-F50)*(1-G50) -> 0 | I50: http://www.engels-city.ru/news-line/43914-10-noyabrya-sostoyatsya-publichnye-slushaniya-po-proektu-byudzheta-engelsskogo-munitsipalnogo-rajona-na-2018-god-i-planovyj-period-2019-2020-godov | J50: Ссылка для ознакомления с проектом решения не работает, выдает ошибку 404.

Sheet Показатель 9.2
A1: 9.2. Проведение публичных слушаний по проекту решения о бюджете муниципального образования на очередной финансовый год (очередной финансовый год и плановый период)
A2: Комментарий:
A3: ='Методика IV этап'!B23 -> В целях оценки показателя учитывается официальный документ (решение/протокол), принятый по итогам публичных слушаний или общественного обсуждения и подписанный уполномоченным должностным лицом. Указанный документ должен быть опубликован не позднее 10 рабочих дней после проведения публичных слушаний и сохраняться не менее трех лет. При нарушении указанного срока применяется понижающий коэффициент за несоблюдение сроков обеспечения доступа к бюджетным данным. В случае, если в установленный срок документ не размещен, оценка показателя принимает значение 0 баллов.
A4: № п/п | B4: Вопрос | C4: ='Методика IV этап'!B22 -> Проведение публичных слушаний по проекту решения о бюджете муниципального образования на очередной финансовый год (очередной финансовый год и плановый период) и опубликование в составе материалов к проекту решения о бюджете муниципального образования на очередной финансовый год (очередной финансовый год и плановый период) итогового документа (решения/ протокола), принятого по результатам публичных слушаний, на портале (сайте) | D4: Формат (указать формат документа) | E4: Доступность (указать, если возникли трудности с поиском документа, если переход осуществляется более, чем за 5 «кликов» с основной страницы портала (сайта), если название раздела не соответствует содержанию) | F4: Оценка показателя 9.2 | K4: Ссылка на источник данных | L4: Комментарии
B5: Варианты ответов | C5: ='Методика IV этап'!B24 -> Проводились, и в составе материалов к проекту решения об исполнении бюджета муниципального образования за отчетный финансовый год опубликован итоговый документ (решение/протокол), принятый по результатам публичных слушаний | D5: Word, Excel, PDF | F5: баллы | G5: понижающие коэффициенты | J5: Итого
C6: ='Методика IV этап'!B25 -> Публичные слушания не проводились, или не опубликован итоговый документ (решение/протокол), принятый по результатам публичных слушаний | G6: графический формат | H6: затруднен-ный поиск | I6: несоблюде-ние сроков
B7: Городскте округа
A8: 1 | B8: г. Саратов | C8: Проводились, и в составе материалов к проекту решения об исполнении бюджета муниципального образования за отчетный финансовый год опубликован итоговый документ (решение/протокол), принятый по результатам публичных слушаний | D8: PDF | F8: =IF(C8=$C$5,1,0) -> 1 | J8: =F8*(1-G8)*(1-H8)*(1-I8) -> 1 | K8: http://saratovmer.ru/budget/rubrics/4/1278.html
A9: 2 | B9: ЗАТО Михайловское | C9: Публичные слушания не проводились, или не опубликован итоговый документ (решение/протокол), принятый по результатам публичных слушаний | D9: PDF | E9: Опубликован не в составе материалов к проекту решения о бюджете муниципального образования на очередной финансовый год | F9: =IF(C9=$C$5,1,0) -> 0 | J9: =F9*(1-G9)*(1-H9)*(1-I9) -> 0 | K9: http://mihailovski.ru/administratsiya/finansy/publichnye-slushaniya/protokol-publichnykh-slushaniy-po-proektu-byudzhet/ | L9: В целях оценки показателя учитывается официальный документ (решение/протокол), принятый по итогам публичных слушаний или общественного обсуждения и подписанный уполномоченным должностным лицом, опубликованный в составе материалов к проекту решения о бюджете муниципального образования на очередной финансовый год (очередной финансовый год и плановый период).
A10: 3 | B10: ЗАТО Светлый | C10: Проводились, и в составе материалов к проекту решения об исполнении бюджета муниципального образования за отчетный финансовый год опубликован итоговый документ (решение/протокол), принятый по результатам публичных слушаний | D10: JPG | F10: =IF(C10=$C$5,1,0) -> 1 | J10: =F10*(1-G10)*(1-H10)*(1-I10) -> 1 | K10: http://www.zatosvetly.ru/city/economics_amp_finance/byudzhet-gorodskogo-okruga/byudzhet-gorodskogo-okruga-zato-svetlyy/2018-g/index.php?ELEMENT_ID=10667 | L10: Для скачивания желательно прилагать подписанный вариант протокола.
A11: 4 | B11: ЗАТО Шиханы | C11: Публичные слушания не проводились, или не опубликован итоговый документ (решение/протокол), принятый по результатам публичных слушаний | D11: Word | E11: Опубликован не в составе материалов к проекту решения о бюджете муниципального образования на очередной финансовый год | F11: =IF(C11=$C$5,1,0) -> 0 | J11: =F11*(1-G11)*(1-H11)*(1-I11) -> 0 | K11: http://zatoshihany.ru/budget/byudzhet-dlya-grazhdan/ | L11: В документе отсутствует подпись должностного лица. Не соблюден формат размещения официального документа.
B12: Муниципальные районы
A13: 5 | B13: Александрово-Гайский | C13: Публичные слушания не проводились, или не опубликован итоговый документ (решение/протокол), принятый по результатам публичных слушаний | D13: Word | E13: Опубликован не в составе материалов к проекту решения о бюджете муниципального образования на очередной финансовый год | F13: =IF(C13=$C$5,1,0) -> 0 | J13: =F13*(1-G13)*(1-H13)*(1-I13) -> 0 | K13: http://algay.sarmo.ru/byudzhet-ekonomika-finansy/publichnye-slushaniya-2018.php | L13: В документе отсутствует подпись должностного лица. Не соблюден формат размещения официального документа. Указанный документ должен быть опубликован не позднее 10 рабочих дней после проведения публичных слушаний (дата документа - 27.12.2017).
A14: 6 | B14: Аркадакский | C14: Публичные слушания не проводились, или не опубликован итоговый документ (решение/протокол), принятый по результатам публичных слушаний | F14: =IF(C14=$C$5,1,0) -> 0 | J14: =F14*(1-G14)*(1-H14)*(1-I14) -> 0 | K14: http://arkadak.sarmo.ru/byudzhet-munitsipalnogo-rayona/reshenie-o-byudzhete/byudzhet2018-proekt.php | L14: Не опубликован итоговый документ (решение/протокол), принятый по результатам публичных слушаний.
A15: 7 | B15: Аткарский | C15: Публичные слушания не проводились, или не опубликован итоговый документ (решение/протокол), принятый по результатам публичных слушаний | D15: Word | E15: Опубликован не в составе материалов к проекту решения о бюджете муниципального образования на очередной финансовый год | F15: =IF(C15=$C$5,1,0) -> 0 | J15: =F15*(1-G15)*(1-H15)*(1-I15) -> 0 | K15: http://proatkarsk.ru/CityArticles.aspx?articleid=6464 | L15: По предоставленной ссылке протокол, принятый по итогам публичных слушаний, не обнаружен. В заключении отсутствует подпись должностного лица. Не соблюден формат размещения официального документа
A16: 8 | B16: Базарно-Карабулакский | C16: Проводились, и в составе материалов к проекту решения об исполнении бюджета муниципального образования за отчетный финансовый год опубликован итоговый документ (решение/протокол), принятый по результатам публичных слушаний | D16: PDF | E16: Лишняя архивация одного файла | F16: =IF(C16=$C$5,1,0) -> 1 | J16: =F16*(1-G16)*(1-H16)*(1-I16) -> 1 | K16: http://bkarabulak.sarmo.ru/index.php?option=com_content&view=article&id=7498:-l-2018-2019-2020-r&catid=43:%D0%9D%D0%BE%D0%B2%D0%BE%D1%81%D1%82%D0%B8%20%D0%BC%D1%83%D0%BD%D0%B8%D1%86%D0%B8%D0%BF%D0%B0%D0%BB%D1%8C%D0%BD%D0%BE%D0%B3%D0%BE%20%D1%80%D0%B0%D0%B9%D0%BE%D0%BD%D0%B0&Itemid=169
A17: 9 | B17: Балаковский | C17: Проводились, и в составе материалов к проекту решения об исполнении бюджета муниципального образования за отчетный финансовый год опубликован итоговый документ (решение/протокол), принятый по результатам публичных слушаний | D17: PDF | F17: =IF(C17=$C$5,1,0) -> 1 | J17: =F17*(1-G17)*(1-H17)*(1-I17) -> 1 | K17: http://www.admbal.ru/page/proekt-raionnogo-byudzheta-balakovskogo-munitsipalnogo-raiona-na-2018-god
A18: 10 | B18: Балашовский | C18: Проводились, и в составе материалов к проекту решения об исполнении бюджета муниципального образования за отчетный финансовый год опубликован итоговый документ (решение/протокол), принятый по результатам публичных слушаний | D18: PDF | F18: =IF(C18=$C$5,1,0) -> 1 | J18: =F18*(1-G18)*(1-H18)*(1-I18) -> 1 | K18: http://baladmin.ru/byudzhet-na-2018-god-i-planovyy-period-2019-i-2020-godov.php | L18: Помимо заключения о результатах публичных слушаний желательно размещать и протокол, принятый по итогам публичных слушаний.
A19: 11 | B19: Балтайский | C19: Публичные слушания не проводились, или не опубликован итоговый документ (решение/протокол), принятый по результатам публичных слушаний | D19: Word | F19: =IF(C19=$C$5,1,0) -> 0 | J19: =F19*(1-G19)*(1-H19)*(1-I19) -> 0 | K19: http://adm-baltay.ru/finansovoe-upravlenie/proekt-byudzheta-na-2018-god/protokol-publichnyih-slushaniy-proekta-resheniya-sobraniya-deputatov-baltayskogo-munitsipalnogo-rayona-o-mestnom-byudzhete-baltayskogo-munitsipalnogo-rayona-na-2018-god-i-na-planovyiy | L19: В документе отсутствует подпись должностного лица. Не соблюден формат размещения официального документа
A20: 12 | B20: Вольский | C20: Публичные слушания не проводились, или не опубликован итоговый документ (решение/протокол), принятый по результатам публичных слушаний | D20: Word | E20: Опубликован не в составе материалов к проекту решения о бюджете муниципального образования на очередной финансовый год | F20: =IF(C20=$C$5,1,0) -> 0 | J20: =F20*(1-G20)*(1-H20)*(1-I20) -> 0 | K20: http://volsk-ms.ru/publichnyie-slushaniya-2017/ | L20: По предоставленной ссылке протокол, принятый по итогам публичных слушаний, не обнаружен. В заключении отсутствует подпись должностного лица. Не соблюден формат размещения официального документа.
A21: 13 | B21: Воскресенский | C21: Публичные слушания не проводились, или не опубликован итоговый документ (решение/протокол), принятый по результатам публичных слушаний | D21: JPG | E21: Опубликован не в составе материалов к проекту решения о бюджете муниципального образования на очередной финансовый год | F21: =IF(C21=$C$5,1,0) -> 0 | J21: =F21*(1-G21)*(1-H21)*(1-I21) -> 0 | K21: http://voskresensk64.ru/administration/izveshcheniya-i-uvedomleniya/index.php | L21: В целях оценки показателя учитывается официальный документ (решение/протокол), принятый по итогам публичных слушаний или общественного обсуждения и подписанный уполномоченным должностным лицом, опубликованный в составе материалов к проекту решения о бюджете муниципального образования на очередной финансовый год (очередной финансовый год и плановый период).
A22: 14 | B22: Дергачевский | C22: Проводились, и в составе материалов к проекту решения об исполнении бюджета муниципального образования за отчетный финансовый год опубликован итоговый документ (решение/протокол), принятый по результатам публичных слушаний | D22: PDF | F22: =IF(C22=$C$5,1,0) -> 1 | J22: =F22*(1-G22)*(1-H22)*(1-I22) -> 1 | K22: http://dergachi.sarmo.ru/sobranie-dergachevskogo-munitsipalnogo-rayona/proekty-sobraniya-dergachevskogo-munitsipalnogo-rayona/
A23: 15 | B23: Духовницкий | C23: Публичные слушания не проводились, или не опубликован итоговый документ (решение/протокол), принятый по результатам публичных слушаний | F23: =IF(C23=$C$5,1,0) -> 0 | J23: =F23*(1-G23)*(1-H23)*(1-I23) -> 0 | L23: На сайте информация не опубликована.
A24: 16 | B24: Екатериновский | C24: Публичные слушания не проводились, или не опубликован итоговый документ (решение/протокол), принятый по результатам публичных слушаний | F24: =IF(C24=$C$5,1,0) -> 0 | J24: =F24*(1-G24)*(1-H24)*(1-I24) -> 0 | K24: http://ekaterinovka.sarmo.ru/rayonnoe-sobranie/publichnye-slushaniya.php | L24: По предоставленной ссылке официальный документ (решение/протокол), принятый по итогам публичных слушаний, не обнаружен.
A25: 17 | B25: Ершовский | C25: Публичные слушания не проводились, или не опубликован итоговый документ (решение/протокол), принятый по результатам публичных слушаний | F25: =IF(C25=$C$5,1,0) -> 0 | J25: =F25*(1-G25)*(1-H25)*(1-I25) -> 0 | K25: http://ershov.sarmo.ru/raion-sobr/resheniya/ | L25: Предоставленная ссылка выдает ошибку сайта, но по адресу видно, что ссылка ведет на раздел «Решения». В целях оценки показателя учитывается официальный документ (решение/протокол), принятый по итогам публичных слушаний или общественного обсуждения и подписанный уполномоченным должностным лицом, опубликованный в составе материалов к проекту решения о бюджете муниципального образования на очередной финансовый год (очередной финансовый год и плановый период).
A26: 18 | B26: Ивантеевский | C26: Проводились, и в составе материалов к проекту решения об исполнении бюджета муниципального образования за отчетный финансовый год опубликован итоговый документ (решение/протокол), принятый по результатам публичных слушаний | D26: PDF | F26: =IF(C26=$C$5,1,0) -> 1 | J26: =F26*(1-G26)*(1-H26)*(1-I26) -> 1 | K26: http://ivanteevka.sarmo.ru/byudzhet-dlya-grazhdan/proekt-byudzheta-dlya-grazhdan/proekt-resheniya-byudzheta-na-2018-god/
A27: 19 | B27: Калининский | C27: Публичные слушания не проводились, или не опубликован итоговый документ (решение/протокол), принятый по результатам публичных слушаний | F27: =IF(C27=$C$5,1,0) -> 0 | J27: =F27*(1-G27)*(1-H27)*(1-I27) -> 0 | K27: http://kalininsk.sarmo.ru/predstavitelnyy-organ-munitsipalnogo-rayona/proekty-informatsiya/ | L27: По предоставленной ссылке официальный документ (решение/протокол), принятый по итогам публичных слушаний, не обнаружен. В целях оценки показателя учитывается официальный документ (решение/протокол), принятый по итогам публичных слушаний или общественного обсуждения и подписанный уполномоченным должностным лицом, опубликованный в составе материалов к проекту решения о бюджете муниципального образования на очередной финансовый год (очередной финансовый год и плановый период).
A28: 20 | B28: Красноармейский | C28: Публичные слушания не проводились, или не опубликован итоговый документ (решение/протокол), принятый по результатам публичных слушаний | F28: =IF(C28=$C$5,1,0) -> 0 | J28: =F28*(1-G28)*(1-H28)*(1-I28) -> 0 | K28: http://krasnoarmeysk.sarmo.ru/predstavitelnyy-organ/resheniya-sobraniya-deputatov/ | L28: По предоставленной ссылке официальный документ (решение/протокол), принятый по итогам публичных слушаний, не обнаружен. В целях оценки показателя учитывается официальный документ (решение/протокол), принятый по итогам публичных слушаний или общественного обсуждения и подписанный уполномоченным должностным лицом, опубликованный в составе материалов к проекту решения о бюджете муниципального образования на очередной финансовый год (очередной финансовый год и плановый период).
A29: 21 | B29: Краснокутский | C29: Публичные слушания не проводились, или не опубликован итоговый документ (решение/протокол), принятый по результатам публичных слушаний | D29: PDF | E29: Опубликован не в составе материалов к проекту решения о бюджете муниципального образования на очередной финансовый год | F29: =IF(C29=$C$5,1,0) -> 0 | J29: =F29*(1-G29)*(1-H29)*(1-I29) -> 0 | K29: http://krasny-kut.ru/krasnokutskij_rajon/finansy/ | L29: По предоставленной ссылке протокол, принятый по итогам публичных слушаний, не обнаружен. В заключении отсутствует дата. В целях оценки показателя учитывается официальный документ (решение/протокол), принятый по итогам публичных слушаний или общественного обсуждения и подписанный уполномоченным должностным лицом, опубликованный в составе материалов к проекту решения о бюджете муниципального образования на очередной финансовый год (очередной финансовый год и плановый период).
A30: 22 | B30: Краснопартизанский | C30: Публичные слушания не проводились, или не опубликован итоговый документ (решение/протокол), принятый по результатам публичных слушаний | D30: JPG | E30: Лишняя архивация одного файла, опубликован не в составе материалов к проекту решения о бюджете муниципального образования на очередной финансовый год | F30: =IF(C30=$C$5,1,0) -> 0 | J30: =F30*(1-G30)*(1-H30)*(1-I30) -> 0 | K30: http://gornyi.sarmo.ru/index.php?option=com_content&view=article&id=3422:2017-11-17-08-27-04&catid=34:%D0%9E%D1%81%D0%BD%D0%BE%D0%B2%D0%BD%D0%B0%D1%8F%20%D0%BA%D0%B0%D1%82%D0%B5%D0%B3%D0%BE%D1%80%D0%B8%D1%8F | L30: В целях оценки показателя учитывается официальный документ (решение/протокол), принятый по итогам публичных слушаний или общественного обсуждения и подписанный уполномоченным должностным лицом, опубликованный в составе материалов к проекту решения о бюджете муниципального образования на очередной финансовый год (очередной финансовый год и плановый период).
A31: 23 | B31: Лысогорский | C31: Публичные слушания не проводились, или не опубликован итоговый документ (решение/протокол), принятый по результатам публичных слушаний | D31: Word | F31: =IF(C31=$C$5,1,0) -> 0 | J31: =F31*(1-G31)*(1-H31)*(1-I31) -> 0 | K31: http://adm.lysyegory.ru/base/3998-publichnyh-slushanii-lysogorskogo-municipalnogo-raiona-po-proektu-byudzheta-lysogorskogo-munici.html | L31: В документе отсутствует подпись должностного лица. Не соблюден формат размещения официального документа.
A32: 24 | B32: Марксовский | C32: Публичные слушания не проводились, или не опубликован итоговый документ (решение/протокол), принятый по результатам публичных слушаний | D32: JPG | E32: Опубликован не в составе материалов к проекту решения о бюджете муниципального образования на очередной финансовый год | F32: =IF(C32=$C$5,1,0) -> 0 | J32: =F32*(1-G32)*(1-H32)*(1-I32) -> 0 | K32: http://marksadm.ru/ps-sl.html | L32: По ссылке http://marksadm.ru/pr-but.html протокол не опубликован. В целях оценки показателя учитывается официальный документ (решение/протокол), принятый по итогам публичных слушаний или общественного обсуждения и подписанный уполномоченным должностным лицом, опубликованный в составе материалов к проекту решения о бюджете муниципального образования на очередной финансовый год (очередной финансовый год и плановый период).
A33: 25 | B33: Новобурасский | C33: Проводились, и в составе материалов к проекту решения об исполнении бюджета муниципального образования за отчетный финансовый год опубликован итоговый документ (решение/протокол), принятый по результатам публичных слушаний | D33: PDF | F33: =IF(C33=$C$5,1,0) -> 1 | J33: =F33*(1-G33)*(1-H33)*(1-I33) -> 1 | K33: http://www.nbfin.ru/resheniya_o_byudzhetah/novoburasskogo_municipal_nogo_rajona/proekt_resheniya_o_byudzhete/na_2018_god/materialy_k_proektu_byudzheta/
A34: 26 | B34: Новоузенский | C34: Публичные слушания не проводились, или не опубликован итоговый документ (решение/протокол), принятый по результатам публичных слушаний | F34: =IF(C34=$C$5,1,0) -> 0 | J34: =F34*(1-G34)*(1-H34)*(1-I34) -> 0 | K34: http://www.novouzensk.ru/sobranie/sobr/akty/ | L34: Не опубликован итоговый документ (решение/протокол), принятый по результатам публичных слушаний.
A35: 27 | B35: Озинский | C35: Проводились, и в составе материалов к проекту решения об исполнении бюджета муниципального образования за отчетный финансовый год опубликован итоговый документ (решение/протокол), принятый по результатам публичных слушаний | D35: PDF | F35: =IF(C35=$C$5,1,0) -> 1 | J35: =F35*(1-G35)*(1-H35)*(1-I35) -> 1 | K35: http://ozinki.sarmo.ru/byudzhet/byudzhet-munitsipalnogo-rayona.php?ELEMENT_ID=1925
A36: 28 | B36: Перелюбский | C36: Проводились, и в составе материалов к проекту решения об исполнении бюджета муниципального образования за отчетный финансовый год опубликован итоговый документ (решение/протокол), принятый по результатам публичных слушаний | D36: PDF | F36: =IF(C36=$C$5,1,0) -> 1 | J36: =F36*(1-G36)*(1-H36)*(1-I36) -> 1 | K36: http://perelyub.sarmo.ru/index.php?option=com_content&view=category&layout=blog&id=72&Itemid=244&limitstart=5
A37: 29 | B37: Петровский | C37: Проводились, и в составе материалов к проекту решения об исполнении бюджета муниципального образования за отчетный финансовый год опубликован итоговый документ (решение/протокол), принятый по результатам публичных слушаний | D37: PDF | F37: =IF(C37=$C$5,1,0) -> 1 | J37: =F37*(1-G37)*(1-H37)*(1-I37) -> 1 | K37: https://petrovsk64.ru/sub-org/fin-upr/otkrytyy-byudzhet/byudzhet/proekt-resheniya-o-byudzhete/na-2018-god/materialy-k-proektu/ | L37: Помимо заключения по результатам публичных слушаний желательно размещать и протокол, принятый по итогам публичных слушаний.
A38: 30 | B38: Питерский | C38: Публичные слушания не проводились, или не опубликован итоговый документ (решение/протокол), принятый по результатам публичных слушаний | D38: Word | E38: Опубликован не в составе материалов к проекту решения о бюджете муниципального образования на очередной финансовый год | F38: =IF(C38=$C$5,1,0) -> 0 | J38: =F38*(1-G38)*(1-H38)*(1-I38) -> 0 | K38: http://piterka.sarmo.ru/byudzhet-piterskogo-mr/publichnye-slushaniya/ | L38: В документе отсутствует подпись должностного лица. Не соблюден формат размещения официального документа. В целях оценки показателя учитывается официальный документ (решение/протокол), принятый по итогам публичных слушаний или общественного обсуждения и подписанный уполномоченным должностным лицом, опубликованный в составе материалов к проекту решения о бюджете муниципального образования на очередной финансовый год (очередной финансовый год и плановый период).
A39: 31 | B39: Пугачевский | C39: Публичные слушания не проводились, или не опубликован итоговый документ (решение/протокол), принятый по результатам публичных слушаний | F39: =IF(C39=$C$5,1,0) -> 0 | J39: =F39*(1-G39)*(1-H39)*(1-I39) -> 0 | L39: На сайте информация не опубликована.
A40: 32 | B40: Ровенский | C40: Проводились, и в составе материалов к проекту решения об исполнении бюджета муниципального образования за отчетный финансовый год опубликован итоговый документ (решение/протокол), принятый по результатам публичных слушаний | D40: PDF | F40: =IF(C40=$C$5,1,0) -> 1 | J40: =F40*(1-G40)*(1-H40)*(1-I40) -> 1 | K40: http://rovnoe.sarmo.ru/novaya-papka/byudzhet-2018-god/
A41: 33 | B41: Романовский | C41: Проводились, и в составе материалов к проекту решения об исполнении бюджета муниципального образования за отчетный финансовый год опубликован итоговый документ (решение/протокол), принятый по результатам публичных слушаний | D41: PDF | F41: =IF(C41=$C$5,1,0) -> 1 | J41: =F41*(1-G41)*(1-H41)*(1-I41) -> 1 | K41: http://romanovka.sarmo.ru/byudzhet-dlya-grazhdan/byudzhet-romanovskogo-munitsipalnogo-rayona/kharakteristika-utverzhdennogo-byudzheta/
A42: 34 | B42: Ртищевский | C42: Публичные слушания не проводились, или не опубликован итоговый документ (решение/протокол), принятый по результатам публичных слушаний | D42: Word | F42: =IF(C42=$C$5,1,0) -> 0 | J42: =F42*(1-G42)*(1-H42)*(1-I42) -> 0 | K42: http://rtishevo.sarmo.ru/finansovyy-organ/rtishchevskiy-munitsipalnyy-rayon/2018-god/reshenie-o-proekte-byudzheta-munitsipalnogo-rayona/ | L42: В документе отсутствует подпись должностного лица. Не соблюден формат размещения официального документа.
A43: 35 | B43: Самойловский | C43: Публичные слушания не проводились, или не опубликован итоговый документ (решение/протокол), принятый по результатам публичных слушаний | F43: =IF(C43=$C$5,1,0) -> 0 | J43: =F43*(1-G43)*(1-H43)*(1-I43) -> 0 | K43: http://sam64.ru/index.php?option=com_content&view=article&id=172&Itemid=155 | L43: По предоставленной ссылке официальный документ (решение/протокол), принятый по итогам публичных слушаний, не обнаружен.
A44: 36 | B44: Саратовский | C44: Публичные слушания не проводились, или не опубликован итоговый документ (решение/протокол), принятый по результатам публичных слушаний | D44: Word | E44: Опубликован не в составе материалов к проекту решения о бюджете муниципального образования на очередной финансовый год | F44: =IF(C44=$C$5,1,0) -> 0 | J44: =F44*(1-G44)*(1-H44)*(1-I44) -> 0 | K44: http://saratov.sarmo.ru/index.php?option=com_content&view=article&id=5100&Itemid=530 | L44: Ссылка на страницу не была предоставлена. В документе отсутствует подпись должностного лица. Не соблюден формат размещения официального документа. В целях оценки показателя учитывается официальный документ (решение/протокол), принятый по итогам публичных слушаний или общественного обсуждения и подписанный уполномоченным должностным лицом, опубликованный в составе материалов к проекту решения о бюджете муниципального образования на очередной финансовый год (очередной финансовый год и плановый период).
A45: 37 | B45: Советский | C45: Проводились, и в составе материалов к проекту решения об исполнении бюджета муниципального образования за отчетный финансовый год опубликован итоговый документ (решение/протокол), принятый по результатам публичных слушаний | D45: Word | F45: =IF(C45=$C$5,1,0) -> 1 | G45: 0.5 | J45: =F45*(1-G45)*(1-H45)*(1-I45) -> 0.5 | K45: http://stepnoeadm.ru/%d0%b1%d1%8e%d0%b4%d0%b6%d0%b5%d1%82/%d0%bc%d0%b5%d1%81%d1%82%d0%bd%d1%8b%d0%b9-%d0%b1%d1%8e%d0%b4%d0%b6%d0%b5%d1%82/ | L45: Не соблюден формат размещения официального документа.
A46: 38 | B46: Татищевский | C46: Проводились, и в составе материалов к проекту решения об исполнении бюджета муниципального образования за отчетный финансовый год опубликован итоговый документ (решение/протокол), принятый по результатам публичных слушаний | D46: PDF | E46: 6 кликов до документа | F46: =IF(C46=$C$5,1,0) -> 1 | H46: 0.5 | J46: =F46*(1-G46)*(1-H46)*(1-I46) -> 0.5 | K46: http://tatishevo.saratov.gov.ru/index.php?option=com_content&view=article&id=4151:2017-11-23-08-35-59&catid=46:2009-12-20-17-15-45&Itemid=81
A47: 39 | B47: Турковский | C47: Публичные слушания не проводились, или не опубликован итоговый документ (решение/протокол), принятый по результатам публичных слушаний | D47: Word | F47: =IF(C47=$C$5,1,0) -> 0 | J47: =F47*(1-G47)*(1-H47)*(1-I47) -> 0 | K47: http://turki.sarmo.ru/sobranie-deputatov-turkovskogo-munitsipalnogo-rayona/dokumenty/publichnye-slushaniya/ | L47: По предоставленной ссылке протокол, принятый по итогам публичных слушаний, не обнаружен. В заключении отсутствует подпись должностного лица. Не соблюден формат размещения официального документа. Раздел не структурирован по годам.
A48: 40 | B48: Федоровский | C48: Проводились, и в составе материалов к проекту решения об исполнении бюджета муниципального образования за отчетный финансовый год опубликован итоговый документ (решение/протокол), принятый по результатам публичных слушаний | D48: PDF | F48: =IF(C48=$C$5,1,0) -> 1 | J48: =F48*(1-G48)*(1-H48)*(1-I48) -> 1 | K48: http://mokrous.fedrayon.ru/index.php?option=com_content&view=article&id=1441&Itemid=346
A49: 41 | B49: Хвалынский | C49: Публичные слушания не проводились, или не опубликован итоговый документ (решение/протокол), принятый по результатам публичных слушаний | F49: =IF(C49=$C$5,1,0) -> 0 | J49: =F49*(1-G49)*(1-H49)*(1-I49) -> 0 | L49: На сайте информация не опубликована.
A50: 42 | B50: Энгельсский | C50: Проводились, и в составе материалов к проекту решения об исполнении бюджета муниципального образования за отчетный финансовый год опубликован итоговый документ (решение/протокол), принятый по результатам публичных слушаний | D50: PDF | F50: =IF(C50=$C$5,1,0) -> 1 | J50: =F50*(1-G50)*(1-H50)*(1-I50) -> 1 | K50: http://www.engels-city.ru/publichnye-slushaniya | L50: Помимо заключения о результатах публичных слушаний желательно размещать и протокол, принятый по итогам публичных слушаний.

Sheet Показатель 9.3
A1: 9.3. Возможность для граждан в электронном виде задать вопрос, направить отзыв и (или) предложение по бюджетной тематике
A2: Комментарий:
A3: ='Методика IV этап'!B27 -> В целях оценки показателя учитывается наличие на портале (сайте) возможности направить вопрос, отзыв и (или) предложение по бюджетной тематике в электронном виде - через контекстное меню (не прибегая к помощи почтовых агентов, дополнительных программ).
A4: № п/п | B4: Вопрос | C4: ='Методика IV этап'!B26 -> Предоставление органами местного самоуправления муниципального образования возможности для граждан в электронном виде задать вопрос, направить отзыв и (или) предложение по бюджетной тематике | D4: Доступность (указать, если возникли трудности с поиском документа, если переход осуществляется более, чем за 5 «кликов» с основной страницы портала (сайта), если название раздела не соответствует содержанию) | E4: Оценка показателя 9.3 | H4: Ссылка на источник данных | I4: Комментарии
B5: Варианты ответов | C5: ='Методика IV этап'!B28 -> Данная возможность предоставлена | E5: баллы | F5: понижающие коэффициенты | G5: Итого
C6: ='Методика IV этап'!B29 -> Данная возможность отсутствует | F6: затрудненный поиск
B7: Городскте округа
A8: 1 | B8: г. Саратов | C8: Данная возможность предоставлена | E8: =IF(C8=$C$5,1,0) -> 1 | G8: =E8*(1-F8) -> 1 | H8: http://saratovmer.ru/priemnaya/mail/
A9: 2 | B9: ЗАТО Михайловское | C9: Данная возможность предоставлена | E9: =IF(C9=$C$5,1,0) -> 1 | G9: =E9*(1-F9) -> 1 | H9: http://mihailovski.ru/feedback/
A10: 3 | B10: ЗАТО Светлый | C10: Данная возможность предоставлена | E10: =IF(C10=$C$5,1,0) -> 1 | G10: =E10*(1-F10) -> 1 | H10: http://www.zatosvetly.ru/feedback/write_address.php
A11: 4 | B11: ЗАТО Шиханы | C11: Данная возможность предоставлена | E11: =IF(C11=$C$5,1,0) -> 1 | G11: =E11*(1-F11) -> 1 | H11: http://zatoshihany.ru/feedback/index.php | I11: Оцениваемая ссылка не была предоставлена.
B12: Муниципальные районы
A13: 5 | B13: Александрово-Гайский | C13: Данная возможность предоставлена | E13: =IF(C13=$C$5,1,0) -> 1 | G13: =E13*(1-F13) -> 1 | H13: http://algay.sarmo.ru/internet-priemnaya.php
A14: 6 | B14: Аркадакский | C14: Данная возможность предоставлена | E14: =IF(C14=$C$5,1,0) -> 1 | G14: =E14*(1-F14) -> 1 | H14: http://arkadak.sarmo.ru/internet-priemnaya/ | I14: Оцениваемая ссылка не была предоставлена.
A15: 7 | B15: Аткарский | C15: Данная возможность предоставлена | E15: =IF(C15=$C$5,1,0) -> 1 | G15: =E15*(1-F15) -> 1 | H15: http://proatkarsk.ru/CityMail.aspx
A16: 8 | B16: Базарно-Карабулакский | C16: Данная возможность предоставлена | E16: =IF(C16=$C$5,1,0) -> 1 | G16: =E16*(1-F16) -> 1 | H16: http://bkarabulak.sarmo.ru/index.php?option=com_wrapper&view=wrapper&Itemid=388 | I16: Оцениваемая ссылка не была предоставлена.
A17: 9 | B17: Балаковский | C17: Данная возможность предоставлена | E17: =IF(C17=$C$5,1,0) -> 1 | G17: =E17*(1-F17) -> 1 | H17: http://www.admbal.ru/content/internet-priemnaya-saita-administratsii-bmr
A18: 10 | B18: Балашовский | C18: Данная возможность отсутствует | E18: =IF(C18=$C$5,1,0) -> 0 | G18: =E18*(1-F18) -> 0
A19: 11 | B19: Балтайский | C19: Данная возможность предоставлена | E19: =IF(C19=$C$5,1,0) -> 1 | G19: =E19*(1-F19) -> 1 | H19: http://adm-baltay.ru/priem-obrashheniy-i-kontaktyi/obratnaya-svyaz/
A20: 12 | B20: Вольский | C20: Данная возможность предоставлена | E20: =IF(C20=$C$5,1,0) -> 1 | G20: =E20*(1-F20) -> 1 | H20: http://вольск.рф/?page_id=28630
A21: 13 | B21: Воскресенский | C21: Данная возможность предоставлена | E21: =IF(C21=$C$5,1,0) -> 1 | G21: =E21*(1-F21) -> 1 | H21: http://voskresensk64.ru/feedback/new.php
A22: 14 | B22: Дергачевский | C22: Данная возможность предоставлена | E22: =IF(C22=$C$5,1,0) -> 1 | G22: =E22*(1-F22) -> 1 | H22: http://dergachi.sarmo.ru/index.php
A23: 15 | B23: Духовницкий | C23: Данная возможность предоставлена | E23: =IF(C23=$C$5,1,0) -> 1 | G23: =E23*(1-F23) -> 1 | H23: http://duhovnitskoe.sarmo.ru/obrashcheniya/internet-priemnaya/
A24: 16 | B24: Екатериновский | C24: Данная возможность предоставлена | E24: =IF(C24=$C$5,1,0) -> 1 | G24: =E24*(1-F24) -> 1 | H24: http://ekaterinovka.sarmo.ru/internet-priemnaya.php
A25: 17 | B25: Ершовский | C25: Данная возможность предоставлена | E25: =IF(C25=$C$5,1,0) -> 1 | G25: =E25*(1-F25) -> 1 | H25: http://ershov.sarmo.ru/internet-priemnaya.php
A26: 18 | B26: Ивантеевский | C26: Данная возможность предоставлена | E26: =IF(C26=$C$5,1,0) -> 1 | G26: =E26*(1-F26) -> 1 | H26: http://ivanteevka.sarmo.ru/obrashcheniya/internet-priemnaya/
A27: 19 | B27: Калининский | C27: Данная возможность предоставлена | E27: =IF(C27=$C$5,1,0) -> 1 | G27: =E27*(1-F27) -> 1 | H27: http://kalininsk.sarmo.ru/internet-priemnaya/index.php
A28: 20 | B28: Красноармейский | C28: Данная возможность предоставлена | E28: =IF(C28=$C$5,1,0) -> 1 | G28: =E28*(1-F28) -> 1 | H28: http://krasnoarmeysk.sarmo.ru/internet-priemnaya/
A29: 21 | B29: Краснокутский | C29: Данная возможность предоставлена | E29: =IF(C29=$C$5,1,0) -> 1 | G29: =E29*(1-F29) -> 1 | H29: http://krasny-kut.ru/obraweniya_grazhdan/lektronnaya_priemnaya/
A30: 22 | B30: Краснопартизанский | C30: Данная возможность предоставлена | E30: =IF(C30=$C$5,1,0) -> 1 | G30: =E30*(1-F30) -> 1 | H30: http://gornyi.sarmo.ru/index.php?option=com_aicontactsafe&view=message&layout=message&pf=1&Itemid=249 | I30: Оцениваемая ссылка не была предоставлена.
A31: 23 | B31: Лысогорский | C31: Данная возможность предоставлена | E31: =IF(C31=$C$5,1,0) -> 1 | G31: =E31*(1-F31) -> 1 | H31: http://adm.lysyegory.ru/iforms/waiting_room
A32: 24 | B32: Марксовский | C32: Данная возможность предоставлена | E32: =IF(C32=$C$5,1,0) -> 1 | G32: =E32*(1-F32) -> 1 | H32: http://marksadm.ru/mail.html
A33: 25 | B33: Новобурасский | C33: Данная возможность предоставлена | E33: =IF(C33=$C$5,1,0) -> 1 | G33: =E33*(1-F33) -> 1 | H33: http://www.nbfin.ru/contacts/
A34: 26 | B34: Новоузенский | C34: Данная возможность предоставлена | E34: =IF(C34=$C$5,1,0) -> 1 | G34: =E34*(1-F34) -> 1 | H34: http://www.novouzensk.ru/feedback/index.php?sphrase_id=26262 | I34: Оцениваемая ссылка не была предоставлена.
A35: 27 | B35: Озинский | C35: Данная возможность предоставлена | E35: =IF(C35=$C$5,1,0) -> 1 | G35: =E35*(1-F35) -> 1 | H35: http://ozinki.sarmo.ru/internet-priemnaya/ | I35: Оцениваемая ссылка не была предоставлена.
A36: 28 | B36: Перелюбский | C36: Данная возможность предоставлена | E36: =IF(C36=$C$5,1,0) -> 1 | G36: =E36*(1-F36) -> 1 | H36: http://perelyub.sarmo.ru/index.php?option=com_wrapper&view=wrapper&Itemid=120 | I36: Оцениваемая ссылка не была предоставлена.
A37: 29 | B37: Петровский | C37: Данная возможность предоставлена | E37: =IF(C37=$C$5,1,0) -> 1 | G37: =E37*(1-F37) -> 1 | H37: https://petrovsk64.ru/elektronik/
A38: 30 | B38: Питерский | C38: Данная возможность предоставлена | E38: =IF(C38=$C$5,1,0) -> 1 | G38: =E38*(1-F38) -> 1 | H38: http://piterka.sarmo.ru/obrashcheniya/internet-priemnaya/
A39: 31 | B39: Пугачевский | C39: Данная возможность предоставлена | E39: =IF(C39=$C$5,1,0) -> 1 | G39: =E39*(1-F39) -> 1 | H39: http://pugachev-adm.ru/internet-priyomnaya
A40: 32 | B40: Ровенский | C40: Данная возможность предоставлена | E40: =IF(C40=$C$5,1,0) -> 1 | G40: =E40*(1-F40) -> 1 | H40: http://rovnoe.sarmo.ru/internet-priemnaya.php | I40: Оцениваемая ссылка не была предоставлена.
A41: 33 | B41: Романовский | C41: Данная возможность предоставлена | E41: =IF(C41=$C$5,1,0) -> 1 | G41: =E41*(1-F41) -> 1 | H41: http://romanovka.sarmo.ru/obrashcheniya/internet-priemnaya/ | I41: Оцениваемая ссылка не была предоставлена.
A42: 34 | B42: Ртищевский | C42: Данная возможность предоставлена | E42: =IF(C42=$C$5,1,0) -> 1 | G42: =E42*(1-F42) -> 1 | H42: http://rtishevo.sarmo.ru/obrashcheniya/internet-priemnaya/
A43: 35 | B43: Самойловский | C43: Данная возможность предоставлена | E43: =IF(C43=$C$5,1,0) -> 1 | G43: =E43*(1-F43) -> 1 | H43: http://sam64.ru/index.php?option=com_wrapper&view=wrapper&Itemid=277
A44: 36 | B44: Саратовский | C44: Данная возможность предоставлена | E44: =IF(C44=$C$5,1,0) -> 1 | G44: =E44*(1-F44) -> 1 | H44: http://saratov.sarmo.ru/index.php?option=com_wrapper&view=wrapper&Itemid=326 | I44: Оцениваемая ссылка не была предоставлена.
A45: 37 | B45: Советский | C45: Данная возможность предоставлена | E45: =IF(C45=$C$5,1,0) -> 1 | G45: =E45*(1-F45) -> 1 | H45: http://stepnoeadm.ru/feedback/
A46: 38 | B46: Татищевский | C46: Данная возможность предоставлена | E46: =IF(C46=$C$5,1,0) -> 1 | G46: =E46*(1-F46) -> 1 | H46: http://tatishevo.saratov.gov.ru/feadback
A47: 39 | B47: Турковский | C47: Данная возможность предоставлена | E47: =IF(C47=$C$5,1,0) -> 1 | G47: =E47*(1-F47) -> 1 | H47: http://turki.sarmo.ru/obrashcheniya/internet-priemnaya/
A48: 40 | B48: Федоровский | C48: Данная возможность предоставлена | E48: =IF(C48=$C$5,1,0) -> 1 | G48: =E48*(1-F48) -> 1 | H48: http://mokrous.fedrayon.ru/index.php?option=com_contact&view=contact&id=2&Itemid=328
A49: 41 | B49: Хвалынский | C49: Данная возможность предоставлена | E49: =IF(C49=$C$5,1,0) -> 1 | G49: =E49*(1-F49) -> 1 | H49: http://hvalynsk.sarmo.ru/internet-priemnaya
A50: 42 | B50: Энгельсский | C50: Данная возможность предоставлена | E50: =IF(C50=$C$5,1,0) -> 1 | G50: =E50*(1-F50) -> 1 | H50: http://www.engels-city.ru/vopros

Sheet Параметры
A1: Календарный период | B1: 2015
A3: Форматы | B3: машиночитаемый
B4: графический | C4: 0.5
